Workbook

Sheet PO - REFERENCIAL
B7: PO - PLANILHA ORÇAMENTARIA
B8: Orçamento Base para Licitação
B10: AÇÃO / MODALIDADE | F10: OBJETO | O10: MUNICÍPIO / UF
B11: ADEQUAÇÃO DE PRÉDIO ESCOLAR | F11: ADAPTAÇÃO PARA REFEITÓRIO E REFORMA DE COZINHA – EMEF DR. AUGUSTO VIEIRA | O11: BEBEDOURO SP
B13: PREPONENTE / TOMADOR | G13: LOCALIDADE / ENDEREÇO
B14: PREFEITURA MUNICIPAL DE BEBEDOURO SP | G14: AV. PREF. EDNE JOSÉ PIFFER, 1000 - JD. CENTENÁRIO - CEP 14.711-581 - [EMEF DR. AUGUSTO VIEIRA]
B16: SINAPI - Sistema Nacional de Pesquisa de Custos e Índices da Construção Civil | L16: =Q16*100%/Q19 -> 0.65280005 | N16: PETI | Q16: 114000
B17: RELATÓRIO DE PREÇOS DE INSUMOS | H17: Mês de Referência: 06/2026 | L17: =Q17*100%/Q19 -> 0
B18: Localidade: SAO PAULO - SP | F18: Data de emissão: 10/07/2026 | L18: =Q18*100%/Q19 -> 0.34719995 | N18: RECURSOS PROPRIOS | Q18: =Q19-(Q16+Q17) -> 60632.34
B19: CALCULO DO BDI: | G19: 0.25 | L19: 1 | N19: VALOR TOTAL DA OBRA | Q19: =SUM(Q27:Q84)/2 -> 174632.34
L20: https://www.caixa.gov.br/site/Paginas/downloads.aspx#categoria_888
B26: Código | C26: Descrição da Composição | K26: Unid. | L26: COM desoneração | M26: VALOR UNITARIO REFERENCIAL | N26: QUANT. | O26: VALOR TOTAL | P26: BDI % | Q26: VALOR TOTAL + BDI
B27: 1 | C27: INICIO E APOIO DE OBRA | Q27: =SUM(Q28:Q30) -> 11921.11
B28: 98458 | C28: TAPUME COM COMPENSADO DE MADEIRA. AF_03/2024 | K28: M2 | L28: 97.86 | M28: =L28*P28+L28 -> 122.325 | N28: =19.45*2.4 -> 46.68 | O28: =L28*N28 -> 4568.1048 | P28: =G19 -> 0.25 | Q28: =M28*N28 -> 5710.131
B29: 103689 | C29: FORNECIMENTO E INSTALAÇÃO DE PLACA DE OBRA COM CHAPA GALVANIZADA E ESTRUTURA DE MADEIRA. AF_03/2022_PS | K29: M2 | L29: 505.63 | M29: =L29*P29+L29 -> 632.0375 | N29: =3*2 -> 6 | O29: =L29*N29 -> 3033.78 | P29: =G19 -> 0.25 | Q29: =M29*N29 -> 3792.225
B30: 106122 | C30: REMOÇÃO DE ENTULHO CLASSE A (ALVENARIA, CONCRETO, ARGAMASSAS E CERÂMICOS) POR DUTO DE ENTULHO E ACONDICIONAMENTO FINAL EM CAÇAMBA ESTACIONÁRIA. EXCLUSO FRETE. AF_09/2025 | K30: M3 | L30: 104.15 | M30: =L30*P30+L30 -> 130.1875 | N30: =N33+N35+(N32*0.03)+(N34*0.03) -> 18.579 | O30: =L30*N30 -> 1935.0028 | P30: =G19 -> 0.25 | Q30: =M30*N30 -> 2418.7536
B31: 2 | C31: DEMOLIÇÕES E RETIRADAS | Q31: =SUM(Q32:Q38) -> 5638.1373
B32: 97634 | C32: DEMOLIÇÃO DE REVESTIMENTO CERÂMICO, DE FORMA MECANIZADA COM MARTELETE, SEM REAPROVEITAMENTO. AF_09/2023 | K32: M2 | L32: 9.37 | M32: =L32*P32+L32 -> 11.7125 | N32: =(49+49+7.05+12.45+7.84+5.26) -> 130.6 | O32: =L32*N32 -> 1223.722 | P32: =G19 -> 0.25 | Q32: =M32*N32 -> 1529.6525
B33: 104790 | C33: DEMOLIÇÃO DE PISO DE CONCRETO SIMPLES, DE FORMA MECANIZADA COM MARTELETE, SEM REAPROVEITAMENTO. AF_09/2023 | K33: M3 | L33: 132.02 | M33: =L33*P33+L33 -> 165.025 | N33: =N32*0.06 -> 7.836 | O33: =L33*N33 -> 1034.5087 | P33: =G19 -> 0.25 | Q33: =M33*N33 -> 1293.1359
B34: 97634 | C34: DEMOLIÇÃO DE REVESTIMENTO CERÂMICO, DE FORMA MECANIZADA COM MARTELETE, SEM REAPROVEITAMENTO. AF_09/2023 | K34: M2 | L34: 9.37 | M34: =L34*P34+L34 -> 11.7125 | N34: =(11.7+14.9+11.2+8.7)*3 -> 139.5 | O34: =L34*N34 -> 1307.115 | P34: =G19 -> 0.25 | Q34: =M34*N34 -> 1633.8937
B35: 97625 | C35: DEMOLIÇÃO DE ALVENARIA PARA QUALQUER TIPO DE BLOCO, DE FORMA MECANIZADA, SEM REAPROVEITAMENTO. AF_09/2023 | K35: M3 | L35: 55.61 | M35: =L35*P35+L35 -> 69.5125 | N35: =((2.4+5.4+1)*2)*0.15 -> 2.64 | O35: =L35*N35 -> 146.8104 | P35: =G19 -> 0.25 | Q35: =M35*N35 -> 183.513
B36: 97645 | C36: REMOÇÃO DE JANELAS, DE FORMA MANUAL, SEM REAPROVEITAMENTO. AF_09/2023 | K36: M2 | L36: 34.05 | M36: =L36*P36+L36 -> 42.5625 | N36: =16.2 -> 16.2 | O36: =L36*N36 -> 551.61 | P36: =G19 -> 0.25 | Q36: =M36*N36 -> 689.5125
B37: 97644 | C37: REMOÇÃO DE PORTAS, DE FORMA MANUAL, SEM REAPROVEITAMENTO. AF_09/2023 | K37: M2 | L37: 13.19 | M37: =L37*P37+L37 -> 16.4875 | N37: =13.23 -> 13.23 | O37: =L37*N37 -> 174.5037 | P37: =G19 -> 0.25 | Q37: =M37*N37 -> 218.12963
B38: 97663 | C38: REMOÇÃO DE LOUÇAS, DE FORMA MANUAL, SEM REAPROVEITAMENTO. AF_09/2023 | K38: UNIT. | L38: 18.06 | M38: =L38*P38+L38 -> 22.575 | N38: 4 | O38: =L38*N38 -> 72.24 | P38: =G19 -> 0.25 | Q38: =M38*N38 -> 90.3
B39: 3 | C39: SERVIÇOS HIDRAULICOS | Q39: =SUM(Q40:Q54) -> 18703.875
B40: 102622 | C40: CAIXA D´ÁGUA EM POLIETILENO, 500 LITROS (INCLUSOS TUBOS, CONEXÕES E TORNEIRA DE BÓIA) - FORNECIMENTO E INSTALAÇÃO. AF_06/2021 | K40: UNIT. | L40: 705.16 | M40: =L40*P40+L40 -> 881.45 | N40: 2 | O40: =L40*N40 -> 1410.32 | P40: =G19 -> 0.25 | Q40: =M40*N40 -> 1762.9
B41: 89800 | C41: TUBO PVC, SERIE NORMAL, ESGOTO PREDIAL, DN 100 MM, FORNECIDO E INSTALADO EM PRUMADA DE ESGOTO SANITÁRIO OU VENTILAÇÃO. AF_08/2022 | K41: M | L41: 39.45 | M41: =L41*P41+L41 -> 49.3125 | N41: 14 | O41: =L41*N41 -> 552.3 | P41: =G19 -> 0.25 | Q41: =M41*N41 -> 690.375
B42: 89711 | C42: TUBO PVC, SERIE NORMAL, ESGOTO PREDIAL, DN 40 MM, FORNECIDO E INSTALADO EM RAMAL DE DESCARGA OU RAMAL DE ESGOTO SANITÁRIO. AF_08/2022 | K42: M | L42: 29.88 | M42: =L42*P42+L42 -> 37.35 | N42: 16 | O42: =L42*N42 -> 478.08 | P42: =G19 -> 0.25 | Q42: =M42*N42 -> 597.6
B43: 89713 | C43: TUBO PVC, SERIE NORMAL, ESGOTO PREDIAL, DN 75 MM, FORNECIDO E INSTALADO EM RAMAL DE DESCARGA OU RAMAL DE ESGOTO SANITÁRIO. AF_08/2022 | K43: M | L43: 46.73 | M43: =L43*P43+L43 -> 58.4125 | N43: 12 | O43: =L43*N43 -> 560.76 | P43: =G19 -> 0.25 | Q43: =M43*N43 -> 700.95
B44: 98104 | C44: CAIXA DE GORDURA SIMPLES (CAPACIDADE: 36L), RETANGULAR, EM ALVENARIA COM TIJOLOS CERÂMICOS MACIÇOS, DIMENSÕES INTERNAS = 0,2X0,4 M, ALTURA INTERNA = 0,8 M. AF_12/2020 | K44: UNIT. | L44: 424.52 | M44: =L44*P44+L44 -> 530.65 | N44: 2 | O44: =L44*N44 -> 849.04 | P44: =G19 -> 0.25 | Q44: =M44*N44 -> 1061.3
B45: 89403 | C45: TUBO, PVC, SOLDÁVEL, DE 32MM, INSTALADO EM RAMAL DE DISTRIBUIÇÃO DE ÁGUA - FORNECIMENTO E INSTALAÇÃO. AF_06/2022 | K45: M | L45: 25.21 | M45: =L45*P45+L45 -> 31.5125 | N45: 40 | O45: =L45*N45 -> 1008.4 | P45: =G19 -> 0.25 | Q45: =M45*N45 -> 1260.5
B46: 103978 | C46: TUBO, PVC, SOLDÁVEL, DE 40MM, INSTALADO EM RAMAL DE DISTRIBUIÇÃO DE ÁGUA - FORNECIMENTO E INSTALAÇÃO. AF_06/2022 | K46: M | L46: 34.31 | M46: =L46*P46+L46 -> 42.8875 | N46: 32 | O46: =L46*N46 -> 1097.92 | P46: =G19 -> 0.25 | Q46: =M46*N46 -> 1372.4
B47: 94794 | C47: REGISTRO DE GAVETA BRUTO, LATÃO, ROSCÁVEL, 1 1/2", COM ACABAMENTO E CANOPLA CROMADOS - FORNECIMENTO E INSTALAÇÃO. AF_08/2021 | K47: UNIT. | L47: 167.39 | M47: =L47*P47+L47 -> 209.2375 | N47: 3 | O47: =L47*N47 -> 502.17 | P47: =G19 -> 0.25 | Q47: =M47*N47 -> 627.7125
B48: 89985 | C48: REGISTRO DE PRESSÃO BRUTO, LATÃO, ROSCÁVEL, 3/4", COM ACABAMENTO E CANOPLA CROMADOS - FORNECIMENTO E INSTALAÇÃO. AF_08/2021 | K48: UNIT. | L48: 90.31 | M48: =L48*P48+L48 -> 112.8875 | N48: 3 | O48: =L48*N48 -> 270.93 | P48: =G19 -> 0.25 | Q48: =M48*N48 -> 338.6625
B49: 86922 | C49: TANQUE DE LOUÇA BRANCA SUSPENSO, 18L OU EQUIVALENTE, INCLUSO SIFÃO TIPO GARRAFA EM METAL CROMADO, VÁLVULA METÁLICA E TORNEIRA DE METAL CROMADO PADRÃO MÉDIO - FORNECIMENTO E INSTALAÇÃO. AF_01/2020 | K49: UNIT. | L49: 962.98 | M49: =L49*P49+L49 -> 1203.725 | N49: 2 | O49: =L49*N49 -> 1925.96 | P49: =G19 -> 0.25 | Q49: =M49*N49 -> 2407.45
B50: 93441 | C50: BANCADA GRANITO CINZA 150 X 60 CM, COM CUBA DE EMBUTIR DE AÇO, VÁLVULA AMERICANA EM METAL, SIFÃO FLEXÍVEL EM PVC, ENGATE FLEXÍVEL 30 CM, TORNEIRA CROMADA LONGA, DE PAREDE, 1/2" OU 3/4", P/ COZINHA, PADRÃO POPULAR - FORNEC. E INSTALAÇÃO. AF_01/2020 | K50: UNIT. | L50: 1434.28 | M50: =L50*P50+L50 -> 1792.85 | N50: 3 | O50: =L50*N50 -> 4302.84 | P50: =G19 -> 0.25 | Q50: =M50*N50 -> 5378.55
B51: 86942 | C51: LAVATÓRIO LOUÇA BRANCA SUSPENSO, 29,5 X 39CM OU EQUIVALENTE, PADRÃO POPULAR, INCLUSO SIFÃO TIPO GARRAFA EM PVC, VÁLVULA E ENGATE FLEXÍVEL 30CM EM PLÁSTICO E TORNEIRA CROMADA DE MESA, PADRÃO POPULAR - FORNECIMENTO E INSTALAÇÃO. AF_01/2020 | K51: UNIT. | L51: 299.4 | M51: =L51*P51+L51 -> 374.25 | N51: 2 | O51: =L51*N51 -> 598.8 | P51: =G19 -> 0.25 | Q51: =M51*N51 -> 748.5
B52: 95471 | C52: BACIA SANITÁRIA EM LOUÇA BRANCA PARA PCD SEM FURO FRONTAL, COM TUBO DE LIGAÇÃO CROMADO, SEM ASSENTO - FORNECIMENTO E INSTALAÇÃO. AF_02/2026_PS | K52: UNIT. | L52: 959.3 | M52: =L52*P52+L52 -> 1199.125 | N52: 1 | O52: =L52*N52 -> 959.3 | P52: =G19 -> 0.25 | Q52: =M52*N52 -> 1199.125
B53: 100850 | C53: ASSENTO SANITÁRIO PARA PCD - FORNECIMENTO E INSTALACAO. AF_01/2020 | K53: UNIT. | L53: 0 | M53: =L53*P53+L53 -> 0 | N53: 1 | O53: =L53*N53 -> 0 | P53: =G19 -> 0.25 | Q53: =M53*N53 -> 0
B54: 99635 | C54: VÁLVULA DE DESCARGA METÁLICA, BASE 1 1/2", ACABAMENTO METALICO CROMADO - FORNECIMENTO E INSTALAÇÃO. AF_08/2021 | K54: UNIT. | L54: 446.28 | M54: =L54*P54+L54 -> 557.85 | N54: 1 | O54: =L54*N54 -> 446.28 | P54: =G19 -> 0.25 | Q54: =M54*N54 -> 557.85
B55: 4 | C55: SERVIÇOS ELETRICOS | Q55: =SUM(Q56:Q69) -> 26645.638
B56: 101879 | C56: QUADRO DE DISTRIBUIÇÃO DE ENERGIA EM CHAPA DE AÇO GALVANIZADO, DE EMBUTIR, COM BARRAMENTO TRIFÁSICO, PARA 24 DISJUNTORES DIN 100A - FORNECIMENTO E INSTALAÇÃO. AF_07/2025 | K56: UNIT. | L56: 599.48 | M56: =L56*P56+L56 -> 749.35 | N56: 1 | O56: =L56*N56 -> 599.48 | P56: =G19 -> 0.25 | Q56: =M56*N56 -> 749.35
B57: 93666 | C57: DISJUNTOR BIPOLAR TIPO DIN, CORRENTE NOMINAL DE 50A - FORNECIMENTO E INSTALAÇÃO. AF_07/2025 | K57: UNIT. | L57: 76.94 | M57: =L57*P57+L57 -> 96.175 | N57: 5 | O57: =L57*N57 -> 384.7 | P57: =G19 -> 0.25 | Q57: =M57*N57 -> 480.875
B58: 93663 | C58: DISJUNTOR BIPOLAR TIPO DIN, CORRENTE NOMINAL DE 25A - FORNECIMENTO E INSTALAÇÃO. AF_07/2025 | K58: UNIT. | L58: 59.04 | M58: =L58*P58+L58 -> 73.8 | N58: 5 | O58: =L58*N58 -> 295.2 | P58: =G19 -> 0.25 | Q58: =M58*N58 -> 369
B59: 93661 | C59: DISJUNTOR BIPOLAR TIPO DIN, CORRENTE NOMINAL DE 16A - FORNECIMENTO E INSTALAÇÃO. AF_07/2025 | K59: UNIT. | L59: 54.05 | M59: =L59*P59+L59 -> 67.5625 | N59: 3 | O59: =L59*N59 -> 162.15 | P59: =G19 -> 0.25 | Q59: =M59*N59 -> 202.6875
B60: 97667 | C60: ELETRODUTO FLEXÍVEL CORRUGADO, PEAD, DN 50 (1 1/2"), PARA REDE ENTERRADA DE DISTRIBUIÇÃO DE ENERGIA ELÉTRICA - FORNECIMENTO E INSTALAÇÃO. AF 12/2021 | K60: M | L60: 10.05 | M60: =L60*P60+L60 -> 12.5625 | N60: 81 | O60: =L60*N60 -> 814.05 | P60: =G19 -> 0.25 | Q60: =M60*N60 -> 1017.5625
B61: 91932 | C61: CABO DE COBRE FLEXÍVEL ISOLADO, 10 MM², ANTICHAMA 450/750 V, PARA CIRCUITOS TERMINAIS - FORNECIMENTO E INSTALAÇÃO. AF_03/2023 | K61: M | L61: 20.77 | M61: =L61*P61+L61 -> 25.9625 | N61: 40 | O61: =L61*N61 -> 830.8 | P61: =G19 -> 0.25 | Q61: =M61*N61 -> 1038.5
B62: 91934 | C62: CABO DE COBRE FLEXÍVEL ISOLADO, 16 MM², ANTI CHAMA 450/750 V, PARA CIRCUITOS TERMINAIS - FORNECIMENTO E INSTALAÇÃO. AF_03/2023 | K62: M | L62: 30.06 | M62: =L62*P62+L62 -> 37.575 | N62: 16 | O62: =L62*N62 -> 480.96 | P62: =G19 -> 0.25 | Q62: =M62*N62 -> 601.2
B63: 91927 | C63: CABO DE COBRE FLEXÍVEL ISOLADO, 2,5 MM², ANTI-CHAMA 0,6/1,0 KV, PARA CIRCUITOS TERMINAIS - FORNECIMENTO E INSTALAÇÃO. AF_03/2023 | K63: M | L63: 6.15 | M63: =L63*P63+L63 -> 7.6875 | N63: 200 | O63: =L63*N63 -> 1230 | P63: =G19 -> 0.25 | Q63: =M63*N63 -> 1537.5
B64: 103253 | C64: AR CONDICIONADO SPLIT INVERTER, HI-WALL (PAREDE), 24000 BTU/H, CICLO FRIO - FORNECIMENTO E INSTALAÇÃO. AF_11/2021_PE | K64: UNIT. | L64: 4595.08 | M64: =L64*P64+L64 -> 5743.85 | N64: 3 | O64: =L64*N64 -> 13785.24 | P64: =G19 -> 0.25 | Q64: =M64*N64 -> 17231.55
B65: 103782 | C65: LUMINÁRIA TIPO PLAFON CIRCULAR, DE SOBREPOR, COM LED DE 12/13 W - FORNECIMENTO E INSTALAÇÃO. AF_09/2024 | K65: UNIT. | L65: 34.89 | M65: =L65*P65+L65 -> 43.6125 | N65: 28 | O65: =L65*N65 -> 976.92 | P65: =G19 -> 0.25 | Q65: =M65*N65 -> 1221.15
B66: 91953 | C66: INTERRUPTOR SIMPLES (1 MÓDULO), 10A/250V, INCLUINDO SUPORTE E PLACA - FORNECIMENTO E INSTALAÇÃO. AF_03/2023 | K66: UNIT. | L66: 40.34 | M66: =L66*P66+L66 -> 50.425 | N66: 4 | O66: =L66*N66 -> 161.36 | P66: =G19 -> 0.25 | Q66: =M66*N66 -> 201.7
B67: 91959 | C67: INTERRUPTOR SIMPLES (2 MÓDULOS), 10A/250V, INCLUINDO SUPORTE E PLACA - FORNECIMENTO E INSTALAÇÃO. AF_03/2023 | K67: UNIT. | L67: 61.15 | M67: =L67*P67+L67 -> 76.4375 | N67: 4 | O67: =L67*N67 -> 244.6 | P67: =G19 -> 0.25 | Q67: =M67*N67 -> 305.75
B68: 91996 | C68: TOMADA MÉDIA DE EMBUTIR (1 MÓDULO), 2P+T 10 A, INCLUINDO SUPORTE E PLACA - FORNECIMENTO E INSTALAÇÃO. AF_03/2023 | K68: UNIT. | L68: 47.89 | M68: =L68*P68+L68 -> 59.8625 | N68: 15 | O68: =L68*N68 -> 718.35 | P68: =G19 -> 0.25 | Q68: =M68*N68 -> 897.9375
B69: 92000 | C69: TOMADA BAIXA DE EMBUTIR (1 MÓDULO), 2P+T 10 A, INCLUINDO SUPORTE E PLACA - FORNECIMENTO E INSTALAÇÃO. AF_03/2023 | K69: UNIT. | L69: 42.18 | M69: =L69*P69+L69 -> 52.725 | N69: 15 | O69: =L69*N69 -> 632.7 | P69: =G19 -> 0.25 | Q69: =M69*N69 -> 790.875
B70: 5 | C70: ESQUADRIAS | Q70: =SUM(Q71:Q74) -> 27080.889
B71: 94570 | C71: JANELA DE ALUMÍNIO DE CORRER COM 2 FOLHAS PARA VIDROS (VIDROS INCLUSOS), BATENTE/ REQUADRO 6 A 14 CM, ACABAMENTO COM ACETATO OU BRILHANTE, FIXAÇÃO COM PARAFUSO, SEM GUARNIÇÃO/ ALIZAR, DIMENSÕES 100X120 CM, VEDAÇÃO COM SILICONE, EXCLUSIVE CONTRAMARCO - FORNECIMENTO E INSTALAÇÃO. AF_11/2024 | K71: M2 | L71: 365.7 | M71: =L71*P71+L71 -> 457.125 | N71: 25 | O71: =L71*N71 -> 9142.5 | P71: =G19 -> 0.25 | Q71: =M71*N71 -> 11428.125
B72: 94569 | C72: JANELA DE ALUMÍNIO TIPO MAXIM-AR, BATENTE/ REQUADRO 3 A 14 CM, VIDRO INCLUSO, FIXAÇÃO COM PARAFUSO, SEM GUARNIÇÃO/ ALIZAR, DIMENSÕES 60X80 (A X L) CM, SEM ACABAMENTO, VEDAÇÃO COM SILICONE, EXCLUSIVE CONTRAMARCO - FORNECIMENTO E INSTALAÇÃO. AF_11/2024 | K72: M2 | L72: 695.05 | M72: =L72*P72+L72 -> 868.8125 | N72: =3*(0.8*0.6) -> 1.44 | O72: =L72*N72 -> 1000.872 | P72: =G19 -> 0.25 | Q72: =M72*N72 -> 1251.09
B73: 100702 | C73: PORTA DE CORRER DE ALUMÍNIO, COM DUAS FOLHAS PARA VIDRO, INCLUSO VIDRO LISO INCOLOR, FECHADURA E PUXADOR, SEM ALIZAR. AF_10/2025 | K73: M2 | L73: 507.03 | M73: =L73*P73+L73 -> 633.7875 | N73: =2.4*2.1 -> 5.04 | O73: =L73*N73 -> 2555.4312 | P73: =G19 -> 0.25 | Q73: =M73*N73 -> 3194.289
B74: 91341 | C74: PORTA EM ALUMÍNIO DE ABRIR TIPO VENEZIANA COM GUARNIÇÃO, FIXAÇÃO COM PARAFUSOS - FORNECIMENTO E INSTALAÇÃO. AF_10/2025 | K74: M2 | L74: 711.58 | M74: =L74*P74+L74 -> 889.475 | N74: =6*(1*2.1) -> 12.6 | O74: =L74*N74 -> 8965.908 | P74: =G19 -> 0.25 | Q74: =M74*N74 -> 11207.385
B75: 7 | C75: PISO E REVESTIMENTOS | Q75: =SUM(Q76:Q80) -> 67222.56
B76: 87758 | C76: CONTRAPISO EM ARGAMASSA PRONTA, PREPARO MECÂNICO COM MISTURADOR 300 KG, APLICADO EM ÁREAS MOLHADAS SOBRE IMPERMEABILIZAÇÃO, ACABAMENTO NÃO REFORÇADO, ESPESSURA 3CM. AF 07/2021 | K76: M2 | L76: 111.6 | M76: =L76*P76+L76 -> 139.5 | N76: =19.45*7.3 -> 141.985 | O76: =L76*N76 -> 15845.526 | P76: =G19 -> 0.25 | Q76: =M76*N76 -> 19806.907
B77: 104598 | C77: REVESTIMENTO CERÂMICO PARA PISO COM PLACAS TIPO PORCELANATO DE DIMENSÕES 80X80 CM APLICADA EM AMBIENTES DE ÁREA MAIOR QUE 10 M². AF_02/2023_PE | K77: M2 | L77: 118.17 | M77: =L77*P77+L77 -> 147.7125 | N77: 141.99 | O77: =L77*N77 -> 16778.958 | P77: =G19 -> 0.25 | Q77: =M77*N77 -> 20973.698
B78: 87535 | C78: EMBOÇO, EM ARGAMASSA TRAÇO 1:2:8, PREPARO MECÂNICO, APLICADO MANUALMENTE EM PAREDES INTERNAS DE AMBIENTES COM ÁREA MAIOR QUE 10M², E = 17,5MM, COM TALISCAS. AF_03/2024 | K78: M2 | L78: 37 | M78: =L78*P78+L78 -> 46.25 | N78: 188.1 | O78: =L78*N78 -> 6959.7 | P78: =G19 -> 0.25 | Q78: =M78*N78 -> 8699.625
B79: 87275 | C79: REVESTIMENTO CERÂMICO PARA PAREDES INTERNAS COM PLACAS TIPO ESMALTADA DE DIMENSÕES 33X45 CM APLICADAS A MEIA ALTURA DAS PAREDES. AF_02/2023_PE | K79: M2 | L79: 81.85 | M79: =L79*P79+L79 -> 102.3125 | N79: =28*1.8 -> 50.4 | O79: =L79*N79 -> 4125.24 | P79: =G19 -> 0.25 | Q79: =M79*N79 -> 5156.55
B80: 87273 | C80: REVESTIMENTO CERÂMICO PARA PAREDES INTERNAS COM PLACAS TIPO ESMALTADA DE DIMENSÕES 33X45 CM APLICADAS NA ALTURA INTEIRA DAS PAREDES. AF 02/2023_PE | K80: M2 | L80: 73.12 | M80: =L80*P80+L80 -> 91.4 | N80: 137.7 | O80: =L80*N80 -> 10068.624 | P80: =G19 -> 0.25 | Q80: =M80*N80 -> 12585.78
B81: 8 | C81: PINTURA | Q81: =SUM(Q82:Q84) -> 17420.132
B82: 88489 | C82: PINTURA LÁTEX ACRÍLICA PREMIUM, APLICAÇÃO MANUAL EM PAREDES, DUAS DEMÃOS. AF_04/2023 | K82: M2 | L82: 14.68 | M82: =L82*P82+L82 -> 18.35 | N82: =137.7*1.5 -> 206.55 | O82: =L82*N82 -> 3032.154 | P82: =G19 -> 0.25 | Q82: =M82*N82 -> 3790.1925
B83: 88488 | C83: PINTURA LÁTEX ACRÍLICA PREMIUM, APLICAÇÃO MANUAL EM TETO, DUAS DEMÃOS. AF_04/2023 | K83: M2 | L83: 14.68 | M83: =L83*P83+L83 -> 18.35 | N83: 141.98 | O83: =L83*N83 -> 2084.2664 | P83: =G19 -> 0.25 | Q83: =M83*N83 -> 2605.333
B84: 95626 | C84: APLICAÇÃO MANUAL DE TINTA LÁTEX ACRÍLICA EM PAREDE EXTERNAS DE CASAS, DUAS DEMÃOS. AF_03/2024 | K84: M2 | L84: 18.3 | M84: =L84*P84+L84 -> 22.875 | N84: =137.7*3.5 -> 481.95 | O84: =L84*N84 -> 8819.685 | P84: =G19 -> 0.25 | Q84: =M84*N84 -> 11024.606
C85: VALOR TOTAL | O85: VALOR TOTAL | Q85: =SUM(Q27,Q31,Q39,Q55,Q70,Q75,Q81) -> 174632.34
B87: =B27 -> 1 | C87: =C27 -> INICIO E APOIO DE OBRA | Q87: =Q27 -> 11921.11
B88: =B31 -> 2 | C88: =C31 -> DEMOLIÇÕES E RETIRADAS | Q88: =Q31 -> 5638.1373
B89: =B39 -> 3 | C89: =C39 -> SERVIÇOS HIDRAULICOS | Q89: =Q39 -> 18703.875
B90: =B55 -> 4 | C90: =C55 -> SERVIÇOS ELETRICOS | Q90: =Q55 -> 26645.638
B91: =B70 -> 5 | C91: =C70 -> ESQUADRIAS | Q91: =Q70 -> 27080.889
B92: 6 | C92: =C75 -> PISO E REVESTIMENTOS | Q92: =Q75 -> 67222.56
B93: 7 | C93: =C81 -> PINTURA | Q93: =Q81 -> 17420.132
C94: VALOR TOTAL | Q94: =SUM(Q87:Q93) -> 174632.34
C98: ANGELICA LAINETTI MASSARO | M98: RAPHAEL LEAL SANCHES
C99: DIRETORA DE DEPTO DE EDUCACAO | M99: GERENTE DE OBRAS E MANUTENÇÃO ESCOLAR - SEMEB
M100: Matrícula: 17749

Sheet CFF - REFERENCIAL
A10: CFF - CRONOGRAMA FISICO-FIANCEIRO
A11: CRONOGRAMA Base para Licitação
A13: AÇÃO / MODALIDADE | E13: OBJETO | N13: MUNICÍPIO / UF
A14: ADEQUAÇÃO DE PRÉDIO ESCOLAR | E14: ADAPTAÇÃO PARA REFEITÓRIO E REFORMA DE COZINHA – EMEF DR. AUGUSTO VIEIRA | N14: BEBEDOURO SP
A16: PREPONENTE / TOMADOR | F16: LOCALIDADE / ENDEREÇO
A17: PREFEITURA MUNICIPAL DE BEBEDOURO SP | F17: AV. PREF. EDNE JOSÉ PIFFER, 1000 - JD. CENTENÁRIO - CEP 14.711-581 - [EMEF DR. AUGUSTO VIEIRA]
E20: Á EXECUTAR | AJ20: TOTAL
A21: Código Atividade | B21: Descrição da Atividade | C21: Valor Orçado | D21: AT/ET ET/TT | E21: % | F21: Mês | G21: 1 | H21: % | I21: Mês | J21: =+G21+1 -> 2 | K21: % | L21: Mês | M21: =+J21+1 -> 3 | N21: % | O21: Mês | P21: =+M21+1 -> 4 | Q21: % | R21: Mês | S21: =+P21+1 -> 5 | T21: % | U21: Mês | V21: =+S21+1 -> 6 | W21: % | X21: Mês | Y21: =+V21+1 -> 7 | Z21: % | AA21: Mês | AB21: =+Y21+1 -> 8 | AC21: % | AD21: Mês | AE21: =+AB21+1 -> 9 | AF21: % | AG21: Mês | AH21: =+AE21+1 -> 10 | AI21: %
A22: 01.00.000 | B22: INICIO E APOIO DE OBRA | C22: ='PO - REFERENCIAL'!Q87 -> 11921.11 | D22: =C22/$C$33 -> 0.068264043 | E22: 1 | F22: =E22*C22 -> 11921.11 | H22: 0 | I22: =H22*C22 -> 0 | K22: 0 | L22: =K22*C22 -> 0 | N22: 0 | O22: =N22*C22 -> 0 | Q22: 0 | R22: =Q22*C22 -> 0 | T22: 0 | U22: =T22*C22 -> 0 | W22: 0 | X22: =W22*C22 -> 0 | Z22: 0 | AA22: =Z22*C22 -> 0 | AC22: 0 | AD22: =AC22*C22 -> 0 | AF22: 0 | AG22: =AF22*C22 -> 0 | AI22: =E22+H22+K22+N22+Q22+T22+W22+Z22+AC22+AF22 -> 1 | AJ22: =F22+I22+L22+O22+R22+U22+X22+AA22+AD22+AG22 -> 11921.11
A23: 02.00.000 | B23: DEMOLIÇÕES E RETIRADAS | C23: ='PO - REFERENCIAL'!Q88 -> 5638.1373 | D23: =C23/$C$33 -> 0.032285757 | E23: 1 | F23: =E23*C23 -> 5638.1373 | H23: 0 | I23: =H23*C23 -> 0 | K23: 0 | L23: =K23*C23 -> 0 | N23: 0 | O23: =N23*C23 -> 0 | Q23: 0 | R23: =Q23*C23 -> 0 | T23: 0 | U23: =T23*C23 -> 0 | W23: 0 | X23: =W23*C23 -> 0 | Z23: 0 | AA23: =Z23*C23 -> 0 | AC23: 0 | AD23: =AC23*C23 -> 0 | AF23: 0 | AG23: =AF23*C23 -> 0 | AI23: =E23+H23+K23+N23+Q23+T23+W23+Z23+AC23+AF23 -> 1 | AJ23: =F23+I23+L23+O23+R23+U23+X23+AA23+AD23+AG23 -> 5638.1373
A24: 03.00.000 | B24: SERVIÇOS HIDRAULICOS | C24: ='PO - REFERENCIAL'!Q89 -> 18703.875 | D24: =C24/$C$33 -> 0.1071043 | E24: 0 | F24: =E24*C24 -> 0 | H24: 0.3 | I24: =H24*C24 -> 5611.1625 | K24: 0.4 | L24: =K24*C24 -> 7481.55 | N24: 0.3 | O24: =N24*C24 -> 5611.1625 | Q24: 0 | R24: =Q24*C24 -> 0 | T24: 0 | U24: =T24*C24 -> 0 | W24: 0 | X24: =W24*C24 -> 0 | Z24: 0 | AA24: =Z24*C24 -> 0 | AC24: 0 | AD24: =AC24*C24 -> 0 | AF24: 0 | AG24: =AF24*C24 -> 0 | AI24: =E24+H24+K24+N24+Q24+T24+W24+Z24+AC24+AF24 -> 1 | AJ24: =F24+I24+L24+O24+R24+U24+X24+AA24+AD24+AG24 -> 18703.875
A25: 04.00.000 | B25: SERVIÇOS ELETRICOS | C25: ='PO - REFERENCIAL'!Q90 -> 26645.638 | D25: =C25/$C$33 -> 0.15258135 | E25: 0 | F25: =E25*C25 -> 0 | H25: 0.3 | I25: =H25*C25 -> 7993.6913 | K25: 0.4 | L25: =K25*C25 -> 10658.255 | N25: 0.3 | O25: =N25*C25 -> 7993.6913 | Q25: 0 | R25: =Q25*C25 -> 0 | T25: 0 | U25: =T25*C25 -> 0 | W25: 0 | X25: =W25*C25 -> 0 | Z25: 0 | AA25: =Z25*C25 -> 0 | AC25: 0 | AD25: =AC25*C25 -> 0 | AF25: 0 | AG25: =AF25*C25 -> 0 | AI25: =E25+H25+K25+N25+Q25+T25+W25+Z25+AC25+AF25 -> 1 | AJ25: =F25+I25+L25+O25+R25+U25+X25+AA25+AD25+AG25 -> 26645.638
A26: 05.00.000 | B26: ESQUADRIAS | C26: ='PO - REFERENCIAL'!Q91 -> 27080.889 | D26: =C26/$C$33 -> 0.15507373 | E26: 0 | F26: =E26*C26 -> 0 | H26: 0 | I26: =H26*C26 -> 0 | K26: 0.3 | L26: =K26*C26 -> 8124.2667 | N26: 0.7 | O26: =N26*C26 -> 18956.622 | Q26: 0 | R26: =Q26*C26 -> 0 | T26: 0 | U26: =T26*C26 -> 0 | W26: 0 | X26: =W26*C26 -> 0 | Z26: 0 | AA26: =Z26*C26 -> 0 | AC26: 0 | AD26: =AC26*C26 -> 0 | AF26: 0 | AG26: =AF26*C26 -> 0 | AI26: =E26+H26+K26+N26+Q26+T26+W26+Z26+AC26+AF26 -> 1 | AJ26: =F26+I26+L26+O26+R26+U26+X26+AA26+AD26+AG26 -> 27080.889
A27: 06.00.000 | B27: PISO E REVESTIMENTOS | C27: ='PO - REFERENCIAL'!Q92 -> 67222.56 | D27: =C27/$C$33 -> 0.38493764 | E27: 0 | F27: =E27*C27 -> 0 | H27: 0 | I27: =H27*C27 -> 0 | K27: 0.7 | L27: =K27*C27 -> 47055.792 | N27: 0.3 | O27: =N27*C27 -> 20166.768 | Q27: 0 | R27: =Q27*C27 -> 0 | T27: 0 | U27: =T27*C27 -> 0 | W27: 0 | X27: =W27*C27 -> 0 | Z27: 0 | AA27: =Z27*C27 -> 0 | AC27: 0 | AD27: =AC27*C27 -> 0 | AF27: 0 | AG27: =AF27*C27 -> 0 | AI27: =E27+H27+K27+N27+Q27+T27+W27+Z27+AC27+AF27 -> 1 | AJ27: =F27+I27+L27+O27+R27+U27+X27+AA27+AD27+AG27 -> 67222.56
A28: 07.00.000 | B28: PINTURA | C28: ='PO - REFERENCIAL'!Q93 -> 17420.132 | D28: =C28/$C$33 -> 0.099753183 | E28: 0 | F28: =E28*C28 -> 0 | H28: 0.15 | I28: =H28*C28 -> 2613.0198 | K28: 0.5 | L28: =K28*C28 -> 8710.0659 | N28: 0.35 | O28: =N28*C28 -> 6097.0461 | Q28: 0 | R28: =Q28*C28 -> 0 | T28: 0 | U28: =T28*C28 -> 0 | W28: 0 | X28: =W28*C28 -> 0 | Z28: 0 | AA28: =Z28*C28 -> 0 | AC28: 0 | AD28: =AC28*C28 -> 0 | AF28: 0 | AG28: =AF28*C28 -> 0 | AI28: =E28+H28+K28+N28+Q28+T28+W28+Z28+AC28+AF28 -> 1 | AJ28: =F28+I28+L28+O28+R28+U28+X28+AA28+AD28+AG28 -> 17420.132
A29: 08.00.000 | B29: ='PO - REFERENCIAL'!#REF! -> #REF! | C29: ='PO - REFERENCIAL'!#REF! -> #REF! | D29: =C29/$C$33 -> #REF! | E29: 0 | F29: =E29*C29 -> #REF! | H29: 0 | I29: =H29*C29 -> #REF! | K29: 0.2 | L29: =K29*C29 -> #REF! | N29: 0.8 | O29: =N29*C29 -> #REF! | Q29: 0 | R29: =Q29*C29 -> #REF! | T29: 0 | U29: =T29*C29 -> #REF! | W29: 0 | X29: =W29*C29 -> #REF! | Z29: 0 | AA29: =Z29*C29 -> #REF! | AC29: 0 | AD29: =AC29*C29 -> #REF! | AF29: 0 | AG29: =AF29*C29 -> #REF! | AI29: =E29+H29+K29+N29+Q29+T29+W29+Z29+AC29+AF29 -> 1 | AJ29: =F29+I29+L29+O29+R29+U29+X29+AA29+AD29+AG29 -> #REF!
A30: 09.00.000 | B30: ='PO - REFERENCIAL'!#REF! -> #REF! | C30: ='PO - REFERENCIAL'!#REF! -> #REF! | D30: =C30/$C$33 -> #REF! | E30: 0 | F30: =E30*C30 -> #REF! | H30: 0 | I30: =H30*C30 -> #REF! | K30: 0 | L30: =K30*C30 -> #REF! | N30: 0 | O30: =N30*C30 -> #REF! | Q30: 0 | R30: =Q30*C30 -> #REF! | T30: 0 | U30: =T30*C30 -> #REF! | W30: 0 | X30: =W30*C30 -> #REF! | Z30: 0 | AA30: =Z30*C30 -> #REF! | AC30: 0.5 | AD30: =AC30*C30 -> #REF! | AF30: 0.5 | AG30: =AF30*C30 -> #REF! | AI30: =E30+H30+K30+N30+Q30+T30+W30+Z30+AC30+AF30 -> 1 | AJ30: =F30+I30+L30+O30+R30+U30+X30+AA30+AD30+AG30 -> #REF!
A31: 10.00.000 | B31: ='PO - REFERENCIAL'!#REF! -> #REF! | C31: ='PO - REFERENCIAL'!#REF! -> #REF! | D31: =C31/$C$33 -> #REF! | E31: 0 | F31: =E31*C31 -> #REF! | H31: 0 | I31: =H31*C31 -> #REF! | K31: 0 | L31: =K31*C31 -> #REF! | N31: 0 | O31: =N31*C31 -> #REF! | Q31: 0.1 | R31: =Q31*C31 -> #REF! | T31: 0.2 | U31: =T31*C31 -> #REF! | W31: 0.2 | X31: =W31*C31 -> #REF! | Z31: 0.2 | AA31: =Z31*C31 -> #REF! | AC31: 0.2 | AD31: =AC31*C31 -> #REF! | AF31: 0.1 | AG31: =AF31*C31 -> #REF! | AI31: =E31+H31+K31+N31+Q31+T31+W31+Z31+AC31+AF31 -> 1 | AJ31: =F31+I31+L31+O31+R31+U31+X31+AA31+AD31+AG31 -> #REF!
A32: 11.00.000 | B32: ='PO - REFERENCIAL'!#REF! -> #REF! | C32: ='PO - REFERENCIAL'!#REF! -> #REF! | D32: =C32/$C$33 -> #REF! | E32: 0 | F32: =E32*C32 -> #REF! | H32: 0 | I32: =H32*C32 -> #REF! | K32: 0 | L32: =K32*C32 -> #REF! | N32: 0 | O32: =N32*C32 -> #REF! | Q32: 0 | R32: =Q32*C32 -> #REF! | T32: 0 | U32: =T32*C32 -> #REF! | W32: 0 | X32: =W32*C32 -> #REF! | Z32: 0 | AA32: =Z32*C32 -> #REF! | AC32: 0 | AD32: =AC32*C32 -> #REF! | AF32: 1 | AG32: =AF32*C32 -> #REF! | AI32: =E32+H32+K32+N32+Q32+T32+W32+Z32+AC32+AF32 -> 1 | AJ32: =F32+I32+L32+O32+R32+U32+X32+AA32+AD32+AG32 -> #REF!
A33: VALOR TOTAL DO ORÇAMENTO: | C33: =C28+C27+C26+C25+C24+C23+C22 -> 174632.34 | E33: =F33*100%/C33 -> 0.1005498 | F33: =F22+F23+F24+F25+F26+F27+F28 -> 17559.247 | H33: =I33*100%/C33 -> 0.092868672 | I33: =I22+I23+I24+I25+I26+I27+I28 -> 16217.874 | K33: =L33*100%/C33 -> 0.46972932 | L33: =L22+L23+L24+L25+L26+L27+L28 -> 82029.93 | N33: =O33*100%/C33 -> 0.33685221 | O33: =O22+O23+O24+O25+O26+O27+O28 -> 58825.29 | Q33: =R33*100%/C33 -> 0 | R33: =R22+R23+R24+R25+R26+R27+R28 -> 0 | T33: =U33*100%/C33 -> #REF! | U33: =SUM(U22:V32) -> #REF! | W33: =X33*100%/C33 -> #REF! | X33: =SUM(X22:Y32) -> #REF! | Z33: =AA33*100%/C33 -> #REF! | AA33: =SUM(AA22:AB32) -> #REF! | AC33: =AD33*100%/C33 -> #REF! | AD33: =SUM(AD22:AE32) -> #REF! | AF33: =AG33*100%/C33 -> #REF! | AG33: =SUM(AG22:AH32) -> #REF! | AI33: =E33+H33+K33+N33+Q33 -> 1 | AJ33: =AJ28+AJ27+AJ26+AJ25+AJ24+AJ23+AJ22 -> 174632.34
H34: =H33+E33 -> 0.19341847 | I34: =I33+F33 -> 33777.12 | K34: =K33+H34 -> 0.66314779 | L34: =L33+I34 -> 115807.05 | N34: =N33+K34 -> 1 | O34: =O33+L34 -> 174632.34 | Q34: =Q33+N34 -> 1 | R34: =R33+O34 -> 174632.34 | T34: =T33+Q34 -> #REF! | U34: =U33+R34 -> #REF! | W34: =W33+T34 -> #REF! | X34: =X33+U34 -> #REF! | Z34: =Z33+W34 -> #REF! | AA34: =AA33+X34 -> #REF! | AC34: =AC33+Z34 -> #REF! | AD34: =AD33+AA34 -> #REF! | AF34: =AF33+AC34 -> #REF! | AG34: =AG33+AD34 -> #REF!
B39: ANGELICA LAINETTI MASSARO | K39: RAPHAEL LEAL SANCHES
B40: DIRETORA DE DEPTO DE EDUCACAO | K40: GERENTE DE OBRAS E MANUTENÇÃO ESCOLAR - SEMEB
K41: Matrícula: 17749

Sheet PO -  FORNECEDOR
A7: PO - PLANILHA ORÇAMENTARIA
A8: Orçamento Base para Licitação
A10: AÇÃO / MODALIDADE | E10: OBJETO | N10: MUNICÍPIO / UF
A11: ADEQUAÇÃO DE PRÉDIO ESCOLAR | E11: ADAPTAÇÃO PARA REFEITÓRIO E REFORMA DE COZINHA – EMEF DR. AUGUSTO VIEIRA | N11: BEBEDOURO SP
A13: PREPONENTE / TOMADOR | F13: LOCALIDADE / ENDEREÇO
A14: PREFEITURA MUNICIPAL DE BEBEDOURO SP | F14: AV. PREF. EDNE JOSÉ PIFFER, 1000 - JD. CENTENÁRIO - CEP 14.711-581 - [EMEF DR. AUGUSTO VIEIRA]
K16: =P16*100%/P19 -> #DIV/0! | M16: EMENDA PARLAMENTAR - REPASSE
A18: Localidade: SAO PAULO - SP | K18: =P18*100%/P19 -> #DIV/0! | M18: RECUSOS PROPRIOS | P18: =P19-(P16+P17) -> 0
A19: ='PO - REFERENCIAL'!B19:F19 -> #VALUE! | F19: 0 | K19: 1 | M19: VALOR TOTAL DA OBRA | P19: =SUM(P22:P79)/2 -> 0
A21: Código | B21: Descrição da Composição | J21: Unid. | K21: SEM desoneração | L21: COM desoneração | M21: QUANT. | N21: VALOR TOTAL | O21: BDI % | P21: VALOR TOTAL + BDI
A22: ='PO - REFERENCIAL'!B27 -> 1 | B22: INICIO E APOIO DE OBRA | P22: =SUM(P23:P25) -> 0
A23: ='PO - REFERENCIAL'!B28 -> 98458 | B23: TAPUME COM COMPENSADO DE MADEIRA. AF_03/2024 | J23: ='PO - REFERENCIAL'!K28 -> M2 | K23: 0 | L23: 88.98 | M23: ='PO - REFERENCIAL'!N28 -> 46.68 | N23: =K23*M23 -> 0 | O23: =F19 -> 0 | P23: =(N23*O23)+N23 -> 0
A24: ='PO - REFERENCIAL'!B29 -> 103689 | B24: FORNECIMENTO E INSTALAÇÃO DE PLACA DE OBRA COM CHAPA GALVANIZADA E ESTRUTURA DE MADEIRA. AF_03/2022_PS | J24: ='PO - REFERENCIAL'!K29 -> M2 | K24: 0 | L24: 466.79 | M24: ='PO - REFERENCIAL'!N29 -> 6 | N24: =K24*M24 -> 0 | O24: =F19 -> 0 | P24: =(N24*O24)+N24 -> 0
A25: ='PO - REFERENCIAL'!B30 -> 106122 | B25: REMOÇÃO DE ENTULHO CLASSE A (ALVENARIA, CONCRETO, ARGAMASSAS E CERÂMICOS) POR DUTO DE ENTULHO E ACONDICIONAMENTO FINAL EM CAÇAMBA ESTACIONÁRIA. EXCLUSO FRETE. AF_09/2025 | J25: ='PO - REFERENCIAL'!K30 -> M3 | K25: 0 | L25: 335.17 | M25: ='PO - REFERENCIAL'!N30 -> 18.579 | N25: =K25*M25 -> 0 | O25: =F19 -> 0 | P25: =(N25*O25)+N25 -> 0
A26: ='PO - REFERENCIAL'!B31 -> 2 | B26: DEMOLIÇÕES E RETIRADAS | P26: =SUM(P27:P33) -> 0
A27: ='PO - REFERENCIAL'!B32 -> 97634 | B27: DEMOLIÇÃO DE REVESTIMENTO CERÂMICO, DE FORMA MECANIZADA COM MARTELETE, SEM REAPROVEITAMENTO. AF_09/2023 | J27: ='PO - REFERENCIAL'!K32 -> M2 | K27: 0 | M27: ='PO - REFERENCIAL'!N32 -> 130.6 | N27: =K27*M27 -> 0 | O27: =F19 -> 0 | P27: =(N27*O27)+N27 -> 0
A28: ='PO - REFERENCIAL'!B33 -> 104790 | B28: DEMOLIÇÃO DE PISO DE CONCRETO SIMPLES, DE FORMA MECANIZADA COM MARTELETE, SEM REAPROVEITAMENTO. AF_09/2023 | J28: ='PO - REFERENCIAL'!K33 -> M3 | K28: 0 | L28: 33.84 | M28: ='PO - REFERENCIAL'!N33 -> 7.836 | N28: =K28*M28 -> 0 | O28: =F19 -> 0 | P28: =(N28*O28)+N28 -> 0
A29: ='PO - REFERENCIAL'!B34 -> 97634 | B29: DEMOLIÇÃO DE REVESTIMENTO CERÂMICO, DE FORMA MECANIZADA COM MARTELETE, SEM REAPROVEITAMENTO. AF_09/2023 | J29: ='PO - REFERENCIAL'!K34 -> M2 | K29: 0 | M29: ='PO - REFERENCIAL'!N34 -> 139.5 | N29: =K29*M29 -> 0 | O29: =F19 -> 0 | P29: =(N29*O29)+N29 -> 0
A30: ='PO - REFERENCIAL'!B35 -> 97625 | B30: DEMOLIÇÃO DE ALVENARIA PARA QUALQUER TIPO DE BLOCO, DE FORMA MECANIZADA, SEM REAPROVEITAMENTO. AF_09/2023 | J30: ='PO - REFERENCIAL'!K35 -> M3 | K30: 0 | L30: 122.47 | M30: ='PO - REFERENCIAL'!N35 -> 2.64 | N30: =K30*M30 -> 0 | O30: =F19 -> 0 | P30: =(N30*O30)+N30 -> 0
A31: ='PO - REFERENCIAL'!B36 -> 97645 | B31: REMOÇÃO DE JANELAS, DE FORMA MANUAL, SEM REAPROVEITAMENTO. AF_09/2023 | J31: ='PO - REFERENCIAL'!K36 -> M2 | K31: 0 | M31: ='PO - REFERENCIAL'!N36 -> 16.2 | N31: =K31*M31 -> 0 | O31: =F19 -> 0 | P31: =(N31*O31)+N31 -> 0
A32: ='PO - REFERENCIAL'!B37 -> 97644 | B32: REMOÇÃO DE PORTAS, DE FORMA MANUAL, SEM REAPROVEITAMENTO. AF_09/2023 | J32: ='PO - REFERENCIAL'!K37 -> M2 | K32: 0 | M32: ='PO - REFERENCIAL'!N37 -> 13.23 | N32: =K32*M32 -> 0 | O32: =F19 -> 0 | P32: =(N32*O32)+N32 -> 0
A33: ='PO - REFERENCIAL'!B38 -> 97663 | B33: REMOÇÃO DE LOUÇAS, DE FORMA MANUAL, SEM REAPROVEITAMENTO. AF_09/2023 | J33: ='PO - REFERENCIAL'!K38 -> UNIT. | K33: 0 | L33: 14.34 | M33: ='PO - REFERENCIAL'!N38 -> 4 | N33: =K33*M33 -> 0 | O33: =F19 -> 0 | P33: =(N33*O33)+N33 -> 0
A34: ='PO - REFERENCIAL'!B39 -> 3 | B34: SERVIÇOS HIDRAULICOS | P34: =SUM(P35:P49) -> 0
A35: ='PO - REFERENCIAL'!B40 -> 102622 | B35: CAIXA D´ÁGUA EM POLIETILENO, 500 LITROS (INCLUSOS TUBOS, CONEXÕES E TORNEIRA DE BÓIA) - FORNECIMENTO E INSTALAÇÃO. AF_06/2021 | J35: ='PO - REFERENCIAL'!K40 -> UNIT. | K35: 0 | L35: 14.97 | M35: ='PO - REFERENCIAL'!N40 -> 2 | N35: =K35*M35 -> 0 | O35: =F19 -> 0 | P35: =(N35*O35)+N35 -> 0
A36: ='PO - REFERENCIAL'!B41 -> 89800 | B36: TUBO PVC, SERIE NORMAL, ESGOTO PREDIAL, DN 100 MM, FORNECIDO E INSTALADO EM PRUMADA DE ESGOTO SANITÁRIO OU VENTILAÇÃO. AF_08/2022 | J36: ='PO - REFERENCIAL'!K41 -> M | K36: 0 | L36: 566.48 | M36: ='PO - REFERENCIAL'!N41 -> 14 | N36: =K36*M36 -> 0 | O36: =F19 -> 0 | P36: =(N36*O36)+N36 -> 0
A37: ='PO - REFERENCIAL'!B42 -> 89711 | B37: TUBO PVC, SERIE NORMAL, ESGOTO PREDIAL, DN 40 MM, FORNECIDO E INSTALADO EM RAMAL DE DESCARGA OU RAMAL DE ESGOTO SANITÁRIO. AF_08/2022 | J37: ='PO - REFERENCIAL'!K42 -> M | K37: 0 | M37: ='PO - REFERENCIAL'!N42 -> 16 | N37: =K37*M37 -> 0 | O37: =F19 -> 0 | P37: =(N37*O37)+N37 -> 0
A38: ='PO - REFERENCIAL'!B43 -> 89713 | B38: TUBO PVC, SERIE NORMAL, ESGOTO PREDIAL, DN 75 MM, FORNECIDO E INSTALADO EM RAMAL DE DESCARGA OU RAMAL DE ESGOTO SANITÁRIO. AF_08/2022 | J38: ='PO - REFERENCIAL'!K43 -> M | K38: 0 | L38: 86.4 | M38: ='PO - REFERENCIAL'!N43 -> 12 | N38: =K38*M38 -> 0 | O38: =F19 -> 0 | P38: =(N38*O38)+N38 -> 0
A39: ='PO - REFERENCIAL'!B44 -> 98104 | B39: CAIXA DE GORDURA SIMPLES (CAPACIDADE: 36L), RETANGULAR, EM ALVENARIA COM TIJOLOS CERÂMICOS MACIÇOS, DIMENSÕES INTERNAS = 0,2X0,4 M, ALTURA INTERNA = 0,8 M. AF_12/2020 | J39: ='PO - REFERENCIAL'!K44 -> UNIT. | K39: 0 | L39: 340.16 | M39: ='PO - REFERENCIAL'!N44 -> 2 | N39: =K39*M39 -> 0 | O39: =F19 -> 0 | P39: =(N39*O39)+N39 -> 0
A40: ='PO - REFERENCIAL'!B45 -> 89403 | B40: TUBO, PVC, SOLDÁVEL, DE 32MM, INSTALADO EM RAMAL DE DISTRIBUIÇÃO DE ÁGUA - FORNECIMENTO E INSTALAÇÃO. AF_06/2022 | J40: ='PO - REFERENCIAL'!K45 -> M | K40: 0 | M40: ='PO - REFERENCIAL'!N45 -> 40 | N40: =K40*M40 -> 0 | O40: =F19 -> 0 | P40: =(N40*O40)+N40 -> 0
A41: ='PO - REFERENCIAL'!B46 -> 103978 | B41: TUBO, PVC, SOLDÁVEL, DE 40MM, INSTALADO EM RAMAL DE DISTRIBUIÇÃO DE ÁGUA - FORNECIMENTO E INSTALAÇÃO. AF_06/2022 | J41: ='PO - REFERENCIAL'!K46 -> M | K41: 0 | M41: ='PO - REFERENCIAL'!N46 -> 32 | N41: =K41*M41 -> 0 | O41: =F19 -> 0 | P41: =(N41*O41)+N41 -> 0
A42: ='PO - REFERENCIAL'!B47 -> 94794 | B42: REGISTRO DE GAVETA BRUTO, LATÃO, ROSCÁVEL, 1 1/2", COM ACABAMENTO E CANOPLA CROMADOS - FORNECIMENTO E INSTALAÇÃO. AF_08/2021 | J42: ='PO - REFERENCIAL'!K47 -> UNIT. | K42: 0 | M42: ='PO - REFERENCIAL'!N47 -> 3 | N42: =K42*M42 -> 0 | O42: =F19 -> 0 | P42: =(N42*O42)+N42 -> 0
A43: ='PO - REFERENCIAL'!B48 -> 89985 | B43: REGISTRO DE PRESSÃO BRUTO, LATÃO, ROSCÁVEL, 3/4", COM ACABAMENTO E CANOPLA CROMADOS - FORNECIMENTO E INSTALAÇÃO. AF_08/2021 | J43: ='PO - REFERENCIAL'!K48 -> UNIT. | K43: 0 | M43: ='PO - REFERENCIAL'!N48 -> 3 | N43: =K43*M43 -> 0 | O43: =F19 -> 0 | P43: =(N43*O43)+N43 -> 0
A44: ='PO - REFERENCIAL'!B49 -> 86922 | B44: TANQUE DE LOUÇA BRANCA SUSPENSO, 18L OU EQUIVALENTE, INCLUSO SIFÃO TIPO GARRAFA EM METAL CROMADO, VÁLVULA METÁLICA E TORNEIRA DE METAL CROMADO PADRÃO MÉDIO - FORNECIMENTO E INSTALAÇÃO. AF_01/2020 | J44: ='PO - REFERENCIAL'!K49 -> UNIT. | K44: 0 | M44: ='PO - REFERENCIAL'!N49 -> 2 | N44: =K44*M44 -> 0 | O44: =F19 -> 0 | P44: =(N44*O44)+N44 -> 0
A45: ='PO - REFERENCIAL'!B50 -> 93441 | B45: BANCADA GRANITO CINZA 150 X 60 CM, COM CUBA DE EMBUTIR DE AÇO, VÁLVULA AMERICANA EM METAL, SIFÃO FLEXÍVEL EM PVC, ENGATE FLEXÍVEL 30 CM, TORNEIRA CROMADA LONGA, DE PAREDE, 1/2" OU 3/4", P/ COZINHA, PADRÃO POPULAR - FORNEC. E INSTALAÇÃO. AF_01/2020 | J45: ='PO - REFERENCIAL'!K50 -> UNIT. | K45: 0 | M45: ='PO - REFERENCIAL'!N50 -> 3 | N45: =K45*M45 -> 0 | O45: =F19 -> 0 | P45: =(N45*O45)+N45 -> 0
A46: ='PO - REFERENCIAL'!B51 -> 86942 | B46: LAVATÓRIO LOUÇA BRANCA SUSPENSO, 29,5 X 39CM OU EQUIVALENTE, PADRÃO POPULAR, INCLUSO SIFÃO TIPO GARRAFA EM PVC, VÁLVULA E ENGATE FLEXÍVEL 30CM EM PLÁSTICO E TORNEIRA CROMADA DE MESA, PADRÃO POPULAR - FORNECIMENTO E INSTALAÇÃO. AF_01/2020 | J46: ='PO - REFERENCIAL'!K51 -> UNIT. | K46: 0 | M46: ='PO - REFERENCIAL'!N51 -> 2 | N46: =K46*M46 -> 0 | O46: =F19 -> 0 | P46: =(N46*O46)+N46 -> 0
A47: ='PO - REFERENCIAL'!B52 -> 95471 | B47: BACIA SANITÁRIA EM LOUÇA BRANCA PARA PCD SEM FURO FRONTAL, COM TUBO DE LIGAÇÃO CROMADO, SEM ASSENTO - FORNECIMENTO E INSTALAÇÃO. AF_02/2026_PS | J47: ='PO - REFERENCIAL'!K52 -> UNIT. | K47: 0 | M47: ='PO - REFERENCIAL'!N52 -> 1 | N47: =K47*M47 -> 0 | O47: =F19 -> 0 | P47: =(N47*O47)+N47 -> 0
A48: ='PO - REFERENCIAL'!B53 -> 100850 | B48: ASSENTO SANITÁRIO PARA PCD - FORNECIMENTO E INSTALACAO. AF_01/2020 | J48: ='PO - REFERENCIAL'!K53 -> UNIT. | K48: 0 | L48: 74.72 | M48: ='PO - REFERENCIAL'!N53 -> 1 | N48: =K48*M48 -> 0 | O48: =F19 -> 0 | P48: =(N48*O48)+N48 -> 0
A49: ='PO - REFERENCIAL'!B54 -> 99635 | B49: VÁLVULA DE DESCARGA METÁLICA, BASE 1 1/2", ACABAMENTO METALICO CROMADO - FORNECIMENTO E INSTALAÇÃO. AF_08/2021 | J49: ='PO - REFERENCIAL'!K54 -> UNIT. | K49: 0 | M49: ='PO - REFERENCIAL'!N54 -> 1 | N49: =K49*M49 -> 0 | O49: =F19 -> 0 | P49: =(N49*O49)+N49 -> 0
A50: ='PO - REFERENCIAL'!B55 -> 4 | B50: SERVIÇOS ELETRICOS | P50: =SUM(P51:P64) -> 0
A51: ='PO - REFERENCIAL'!B56 -> 101879 | B51: QUADRO DE DISTRIBUIÇÃO DE ENERGIA EM CHAPA DE AÇO GALVANIZADO, DE EMBUTIR, COM BARRAMENTO TRIFÁSICO, PARA 24 DISJUNTORES DIN 100A - FORNECIMENTO E INSTALAÇÃO. AF_07/2025 | J51: ='PO - REFERENCIAL'!K56 -> UNIT. | K51: 0 | M51: ='PO - REFERENCIAL'!N56 -> 1 | N51: =K51*M51 -> 0 | O51: =F19 -> 0 | P51: =(N51*O51)+N51 -> 0
A52: ='PO - REFERENCIAL'!B57 -> 93666 | B52: DISJUNTOR BIPOLAR TIPO DIN, CORRENTE NOMINAL DE 50A - FORNECIMENTO E INSTALAÇÃO. AF_07/2025 | J52: ='PO - REFERENCIAL'!K57 -> UNIT. | K52: 0 | L52: 106.12 | M52: ='PO - REFERENCIAL'!N57 -> 5 | N52: =K52*M52 -> 0 | O52: =F19 -> 0 | P52: =(N52*O52)+N52 -> 0
A53: ='PO - REFERENCIAL'!B58 -> 93663 | B53: DISJUNTOR BIPOLAR TIPO DIN, CORRENTE NOMINAL DE 25A - FORNECIMENTO E INSTALAÇÃO. AF_07/2025 | J53: ='PO - REFERENCIAL'!K58 -> UNIT. | K53: 0 | M53: ='PO - REFERENCIAL'!N58 -> 5 | N53: =K53*M53 -> 0 | O53: =F19 -> 0 | P53: =(N53*O53)+N53 -> 0
A54: ='PO - REFERENCIAL'!B59 -> 93661 | B54: DISJUNTOR BIPOLAR TIPO DIN, CORRENTE NOMINAL DE 16A - FORNECIMENTO E INSTALAÇÃO. AF_07/2025 | J54: ='PO - REFERENCIAL'!K59 -> UNIT. | K54: 0 | M54: ='PO - REFERENCIAL'!N59 -> 3 | N54: =K54*M54 -> 0 | O54: =F19 -> 0 | P54: =(N54*O54)+N54 -> 0
A55: ='PO - REFERENCIAL'!B60 -> 97667 | B55: ELETRODUTO FLEXÍVEL CORRUGADO, PEAD, DN 50 (1 1/2"), PARA REDE ENTERRADA DE DISTRIBUIÇÃO DE ENERGIA ELÉTRICA - FORNECIMENTO E INSTALAÇÃO. AF 12/2021 | J55: ='PO - REFERENCIAL'!K60 -> M | K55: 0 | M55: ='PO - REFERENCIAL'!N60 -> 81 | N55: =K55*M55 -> 0 | O55: =F19 -> 0 | P55: =(N55*O55)+N55 -> 0
A56: ='PO - REFERENCIAL'!B61 -> 91932 | B56: CABO DE COBRE FLEXÍVEL ISOLADO, 10 MM², ANTICHAMA 450/750 V, PARA CIRCUITOS TERMINAIS - FORNECIMENTO E INSTALAÇÃO. AF_03/2023 | J56: ='PO - REFERENCIAL'!K61 -> M | K56: 0 | M56: ='PO - REFERENCIAL'!N61 -> 40 | N56: =K56*M56 -> 0 | O56: =F19 -> 0 | P56: =(N56*O56)+N56 -> 0
A57: ='PO - REFERENCIAL'!B62 -> 91934 | B57: CABO DE COBRE FLEXÍVEL ISOLADO, 16 MM², ANTI CHAMA 450/750 V, PARA CIRCUITOS TERMINAIS - FORNECIMENTO E INSTALAÇÃO. AF_03/2023 | J57: ='PO - REFERENCIAL'!K62 -> M | K57: 0 | M57: ='PO - REFERENCIAL'!N62 -> 16 | N57: =K57*M57 -> 0 | O57: =F19 -> 0 | P57: =(N57*O57)+N57 -> 0
A58: ='PO - REFERENCIAL'!B63 -> 91927 | B58: CABO DE COBRE FLEXÍVEL ISOLADO, 2,5 MM², ANTI-CHAMA 0,6/1,0 KV, PARA CIRCUITOS TERMINAIS - FORNECIMENTO E INSTALAÇÃO. AF_03/2023 | J58: ='PO - REFERENCIAL'!K63 -> M | K58: 0 | M58: ='PO - REFERENCIAL'!N63 -> 200 | N58: =K58*M58 -> 0 | O58: =F19 -> 0 | P58: =(N58*O58)+N58 -> 0
A59: ='PO - REFERENCIAL'!B64 -> 103253 | B59: AR CONDICIONADO SPLIT INVERTER, HI-WALL (PAREDE), 24000 BTU/H, CICLO FRIO - FORNECIMENTO E INSTALAÇÃO. AF_11/2021_PE | J59: ='PO - REFERENCIAL'!K64 -> UNIT. | K59: 0 | M59: ='PO - REFERENCIAL'!N64 -> 3 | N59: =K59*M59 -> 0 | O59: =F19 -> 0 | P59: =(N59*O59)+N59 -> 0
A60: ='PO - REFERENCIAL'!B65 -> 103782 | B60: LUMINÁRIA TIPO PLAFON CIRCULAR, DE SOBREPOR, COM LED DE 12/13 W - FORNECIMENTO E INSTALAÇÃO. AF_09/2024 | J60: ='PO - REFERENCIAL'!K65 -> UNIT. | K60: 0 | M60: ='PO - REFERENCIAL'!N65 -> 28 | N60: =K60*M60 -> 0 | O60: =F19 -> 0 | P60: =(N60*O60)+N60 -> 0
A61: ='PO - REFERENCIAL'!B66 -> 91953 | B61: INTERRUPTOR SIMPLES (1 MÓDULO), 10A/250V, INCLUINDO SUPORTE E PLACA - FORNECIMENTO E INSTALAÇÃO. AF_03/2023 | J61: ='PO - REFERENCIAL'!K66 -> UNIT. | K61: 0 | M61: ='PO - REFERENCIAL'!N66 -> 4 | N61: =K61*M61 -> 0 | O61: =F19 -> 0 | P61: =(N61*O61)+N61 -> 0
A62: ='PO - REFERENCIAL'!B67 -> 91959 | B62: INTERRUPTOR SIMPLES (2 MÓDULOS), 10A/250V, INCLUINDO SUPORTE E PLACA - FORNECIMENTO E INSTALAÇÃO. AF_03/2023 | J62: ='PO - REFERENCIAL'!K67 -> UNIT. | K62: 0 | M62: ='PO - REFERENCIAL'!N67 -> 4 | N62: =K62*M62 -> 0 | O62: =F19 -> 0 | P62: =(N62*O62)+N62 -> 0
A63: ='PO - REFERENCIAL'!B68 -> 91996 | B63: TOMADA MÉDIA DE EMBUTIR (1 MÓDULO), 2P+T 10 A, INCLUINDO SUPORTE E PLACA - FORNECIMENTO E INSTALAÇÃO. AF_03/2023 | J63: ='PO - REFERENCIAL'!K68 -> UNIT. | K63: 0 | M63: ='PO - REFERENCIAL'!N68 -> 15 | N63: =K63*M63 -> 0 | O63: =F19 -> 0 | P63: =(N63*O63)+N63 -> 0
A64: ='PO - REFERENCIAL'!B69 -> 92000 | B64: TOMADA BAIXA DE EMBUTIR (1 MÓDULO), 2P+T 10 A, INCLUINDO SUPORTE E PLACA - FORNECIMENTO E INSTALAÇÃO. AF_03/2023 | J64: ='PO - REFERENCIAL'!K69 -> UNIT. | K64: 0 | M64: ='PO - REFERENCIAL'!N69 -> 15 | N64: =K64*M64 -> 0 | O64: =F19 -> 0 | P64: =(N64*O64)+N64 -> 0
A65: ='PO - REFERENCIAL'!B70 -> 5 | B65: ESQUADRIAS | P65: =SUM(P66:P69) -> 0
A66: ='PO - REFERENCIAL'!B71 -> 94570 | B66: JANELA DE ALUMÍNIO DE CORRER COM 2 FOLHAS PARA VIDROS (VIDROS INCLUSOS), BATENTE/ REQUADRO 6 A 14 CM, ACABAMENTO COM ACETATO OU BRILHANTE, FIXAÇÃO COM PARAFUSO, SEM GUARNIÇÃO/ ALIZAR, DIMENSÕES 100X120 CM, VEDAÇÃO COM SILICONE, EXCLUSIVE CONTRAMARCO - FORNECIMENTO E INSTALAÇÃO. AF_11/2024 | J66: ='PO - REFERENCIAL'!K71 -> M2 | K66: 0 | L66: 52.83 | M66: ='PO - REFERENCIAL'!N71 -> 25 | N66: =K66*M66 -> 0 | O66: =F19 -> 0 | P66: =(N66*O66)+N66 -> 0
A67: ='PO - REFERENCIAL'!B72 -> 94569 | B67: JANELA DE ALUMÍNIO TIPO MAXIM-AR, BATENTE/ REQUADRO 3 A 14 CM, VIDRO INCLUSO, FIXAÇÃO COM PARAFUSO, SEM GUARNIÇÃO/ ALIZAR, DIMENSÕES 60X80 (A X L) CM, SEM ACABAMENTO, VEDAÇÃO COM SILICONE, EXCLUSIVE CONTRAMARCO - FORNECIMENTO E INSTALAÇÃO. AF_11/2024 | J67: ='PO - REFERENCIAL'!K72 -> M2 | K67: 0 | M67: ='PO - REFERENCIAL'!N72 -> 1.44 | N67: =K67*M67 -> 0 | O67: =F19 -> 0 | P67: =(N67*O67)+N67 -> 0
A68: ='PO - REFERENCIAL'!B73 -> 100702 | B68: PORTA DE CORRER DE ALUMÍNIO, COM DUAS FOLHAS PARA VIDRO, INCLUSO VIDRO LISO INCOLOR, FECHADURA E PUXADOR, SEM ALIZAR. AF_10/2025 | J68: ='PO - REFERENCIAL'!K73 -> M2 | K68: 0 | L68: 880.29 | M68: ='PO - REFERENCIAL'!N73 -> 5.04 | N68: =K68*M68 -> 0 | O68: =F19 -> 0 | P68: =(N68*O68)+N68 -> 0
A69: ='PO - REFERENCIAL'!B74 -> 91341 | B69: PORTA EM ALUMÍNIO DE ABRIR TIPO VENEZIANA COM GUARNIÇÃO, FIXAÇÃO COM PARAFUSOS - FORNECIMENTO E INSTALAÇÃO. AF_10/2025 | J69: ='PO - REFERENCIAL'!K74 -> M2 | K69: 0 | L69: 362.99 | M69: ='PO - REFERENCIAL'!N74 -> 12.6 | N69: =K69*M69 -> 0 | O69: =F19 -> 0 | P69: =(N69*O69)+N69 -> 0
A70: 6 | B70: PISO E REVESTIMENTOS | P70: =SUM(P71:P75) -> 0
A71: ='PO - REFERENCIAL'!B76 -> 87758 | B71: CONTRAPISO EM ARGAMASSA PRONTA, PREPARO MECÂNICO COM MISTURADOR 300 KG, APLICADO EM ÁREAS MOLHADAS SOBRE IMPERMEABILIZAÇÃO, ACABAMENTO NÃO REFORÇADO, ESPESSURA 3CM. AF 07/2021 | J71: ='PO - REFERENCIAL'!K76 -> M2 | K71: 0 | M71: ='PO - REFERENCIAL'!N76 -> 141.985 | N71: =K71*M71 -> 0 | O71: =F19 -> 0 | P71: =(N71*O71)+N71 -> 0
A72: ='PO - REFERENCIAL'!B77 -> 104598 | B72: REVESTIMENTO CERÂMICO PARA PISO COM PLACAS TIPO PORCELANATO DE DIMENSÕES 80X80 CM APLICADA EM AMBIENTES DE ÁREA MAIOR QUE 10 M². AF_02/2023_PE | J72: ='PO - REFERENCIAL'!K77 -> M2 | K72: 0 | M72: ='PO - REFERENCIAL'!N77 -> 141.99 | N72: =K72*M72 -> 0 | O72: =F19 -> 0 | P72: =(N72*O72)+N72 -> 0
A73: ='PO - REFERENCIAL'!B78 -> 87535 | B73: EMBOÇO, EM ARGAMASSA TRAÇO 1:2:8, PREPARO MECÂNICO, APLICADO MANUALMENTE EM PAREDES INTERNAS DE AMBIENTES COM ÁREA MAIOR QUE 10M², E = 17,5MM, COM TALISCAS. AF_03/2024 | J73: ='PO - REFERENCIAL'!K78 -> M2 | K73: 0 | M73: ='PO - REFERENCIAL'!N78 -> 188.1 | N73: =K73*M73 -> 0 | O73: =F19 -> 0 | P73: =(N73*O73)+N73 -> 0
A74: ='PO - REFERENCIAL'!B79 -> 87275 | B74: REVESTIMENTO CERÂMICO PARA PAREDES INTERNAS COM PLACAS TIPO ESMALTADA DE DIMENSÕES 33X45 CM APLICADAS A MEIA ALTURA DAS PAREDES. AF_02/2023_PE | J74: ='PO - REFERENCIAL'!K79 -> M2 | K74: 0 | M74: ='PO - REFERENCIAL'!N79 -> 50.4 | N74: =K74*M74 -> 0 | O74: =F19 -> 0 | P74: =(N74*O74)+N74 -> 0
A75: ='PO - REFERENCIAL'!B80 -> 87273 | B75: REVESTIMENTO CERÂMICO PARA PAREDES INTERNAS COM PLACAS TIPO ESMALTADA DE DIMENSÕES 33X45 CM APLICADAS NA ALTURA INTEIRA DAS PAREDES. AF 02/2023_PE | J75: ='PO - REFERENCIAL'!K80 -> M2 | K75: 0 | M75: ='PO - REFERENCIAL'!N80 -> 137.7 | N75: =K75*M75 -> 0 | O75: =F19 -> 0 | P75: =(N75*O75)+N75 -> 0
A76: 7 | B76: PINTURA | P76: =SUM(P77:P79) -> 0
A77: ='PO - REFERENCIAL'!B82 -> 88489 | B77: PINTURA LÁTEX ACRÍLICA PREMIUM, APLICAÇÃO MANUAL EM PAREDES, DUAS DEMÃOS. AF_04/2023 | J77: ='PO - REFERENCIAL'!K82 -> M2 | K77: 0 | M77: ='PO - REFERENCIAL'!N82 -> 206.55 | N77: =K77*M77 -> 0 | O77: =F19 -> 0 | P77: =(N77*O77)+N77 -> 0
A78: ='PO - REFERENCIAL'!B83 -> 88488 | B78: PINTURA LÁTEX ACRÍLICA PREMIUM, APLICAÇÃO MANUAL EM TETO, DUAS DEMÃOS. AF_04/2023 | J78: ='PO - REFERENCIAL'!K83 -> M2 | K78: 0 | M78: ='PO - REFERENCIAL'!N83 -> 141.98 | N78: =K78*M78 -> 0 | O78: =F19 -> 0 | P78: =(N78*O78)+N78 -> 0
A79: ='PO - REFERENCIAL'!B84 -> 95626 | B79: APLICAÇÃO MANUAL DE TINTA LÁTEX ACRÍLICA EM PAREDE EXTERNAS DE CASAS, DUAS DEMÃOS. AF_03/2024 | J79: ='PO - REFERENCIAL'!K84 -> M2 | K79: 0 | M79: ='PO - REFERENCIAL'!N84 -> 481.95 | N79: =K79*M79 -> 0 | O79: =F19 -> 0 | P79: =(N79*O79)+N79 -> 0
B80: VALOR TOTAL | N80: VALOR TOTAL | P80: =SUM(P22:P79)/2 -> 0
A82: ='PO - REFERENCIAL'!B87 -> 1 | B82: =B22 -> INICIO E APOIO DE OBRA | P82: =P22 -> 0
A83: ='PO - REFERENCIAL'!B88 -> 2 | B83: =B26 -> DEMOLIÇÕES E RETIRADAS | P83: =P26 -> 0
A84: ='PO - REFERENCIAL'!B89 -> 3 | B84: =B34 -> SERVIÇOS HIDRAULICOS | P84: =P34 -> 0
A85: ='PO - REFERENCIAL'!B90 -> 4 | B85: =B50 -> SERVIÇOS ELETRICOS | P85: =P50 -> 0
A86: ='PO - REFERENCIAL'!B91 -> 5 | B86: =B65 -> ESQUADRIAS | P86: =P65 -> 0
A87: ='PO - REFERENCIAL'!B92 -> 6 | B87: =B70 -> PISO E REVESTIMENTOS | P87: =P70 -> 0
A88: ='PO - REFERENCIAL'!B93 -> 7 | B88: =B76 -> PINTURA | P88: =P76 -> 0
B93: VALOR TOTAL | P93: =SUM(P82:P92) -> 0

Sheet CFF - FORNECEDOR
A10: CFF - CRONOGRAMA FISICO-FIANCEIRO
A11: CRONOGRAMA Base para Licitação
A13: AÇÃO / MODALIDADE | E13: OBJETO | N13: MUNICÍPIO / UF
A14: ='PO - FORNECEDOR'!A11:D11 -> ADEQUAÇÃO DE PRÉDIO ESCOLAR | E14: ='PO - FORNECEDOR'!E11:M11 -> ADAPTAÇÃO PARA REFEITÓRIO E REFORMA DE COZINHA – EMEF DR. AUGUSTO VIEIRA | N14: BEBEDOURO SP
A16: PREPONENTE / TOMADOR | F16: LOCALIDADE / ENDEREÇO
A17: PREFEITURA MUNICIPAL DE BEBEDOURO SP | F17: ='PO - FORNECEDOR'!F14:P14 -> AV. PREF. EDNE JOSÉ PIFFER, 1000 - JD. CENTENÁRIO - CEP 14.711-581 - [EMEF DR. AUGUSTO VIEIRA]
E20: Á EXECUTAR | AJ20: TOTAL
A21: Código Atividade | B21: Descrição da Atividade | C21: Valor Orçado | D21: AT/ET ET/TT | E21: % | F21: Mês | G21: 1 | H21: % | I21: Mês | J21: =+G21+1 -> 2 | K21: % | L21: Mês | M21: =+J21+1 -> 3 | N21: % | O21: Mês | P21: =+M21+1 -> 4 | Q21: % | R21: Mês | S21: =+P21+1 -> 5 | T21: % | U21: Mês | V21: =+S21+1 -> 6 | W21: % | X21: Mês | Y21: =+V21+1 -> 7 | Z21: % | AA21: Mês | AB21: =+Y21+1 -> 8 | AC21: % | AD21: Mês | AE21: =+AB21+1 -> 9 | AF21: % | AG21: Mês | AH21: =+AE21+1 -> 10 | AI21: %
A22: ='PO - FORNECEDOR'!A82 -> 1 | B22: ='PO - FORNECEDOR'!B82:I82 -> INICIO E APOIO DE OBRA | C22: ='PO - FORNECEDOR'!P82 -> 0 | D22: =C22/$C$32 -> #DIV/0! | E22: 0 | F22: =E22*C22 -> 0 | H22: 0 | I22: =H22*C22 -> 0 | K22: 0 | L22: =K22*C22 -> 0 | N22: 0 | O22: =N22*C22 -> 0 | Q22: 0 | R22: =Q22*C22 -> 0 | T22: 0 | U22: =T22*C22 -> 0 | W22: 0 | X22: =W22*C22 -> 0 | Z22: 0 | AA22: =Z22*C22 -> 0 | AC22: 0 | AD22: =AC22*C22 -> 0 | AF22: 0 | AG22: =AF22*C22 -> 0 | AI22: =E22+H22+K22+N22+Q22+T22+W22+Z22+AC22+AF22 -> 0 | AJ22: =F22+I22+L22+O22+R22+U22+X22+AA22+AD22+AG22 -> 0
A23: ='PO - FORNECEDOR'!A83 -> 2 | B23: ='PO - FORNECEDOR'!B83:I83 -> DEMOLIÇÕES E RETIRADAS | C23: ='PO - FORNECEDOR'!P83 -> 0 | D23: =C23/$C$32 -> #DIV/0! | E23: 0 | F23: =E23*C23 -> 0 | H23: 0 | I23: =H23*C23 -> 0 | K23: 0 | L23: =K23*C23 -> 0 | N23: 0 | O23: =N23*C23 -> 0 | Q23: 0 | R23: =Q23*C23 -> 0 | T23: 0 | U23: =T23*C23 -> 0 | W23: 0 | X23: =W23*C23 -> 0 | Z23: 0 | AA23: =Z23*C23 -> 0 | AC23: 0 | AD23: =AC23*C23 -> 0 | AF23: 0 | AG23: =AF23*C23 -> 0 | AI23: =E23+H23+K23+N23+Q23+T23+W23+Z23+AC23+AF23 -> 0 | AJ23: =F23+I23+L23+O23+R23+U23+X23+AA23+AD23+AG23 -> 0
A24: ='PO - FORNECEDOR'!A84 -> 3 | B24: ='PO - FORNECEDOR'!B84:I84 -> SERVIÇOS HIDRAULICOS | C24: ='PO - FORNECEDOR'!P84 -> 0 | D24: =C24/$C$32 -> #DIV/0! | E24: 0 | F24: =E24*C24 -> 0 | H24: 0 | I24: =H24*C24 -> 0 | K24: 0 | L24: =K24*C24 -> 0 | N24: 0 | O24: =N24*C24 -> 0 | Q24: 0 | R24: =Q24*C24 -> 0 | T24: 0 | U24: =T24*C24 -> 0 | W24: 0 | X24: =W24*C24 -> 0 | Z24: 0 | AA24: =Z24*C24 -> 0 | AC24: 0 | AD24: =AC24*C24 -> 0 | AF24: 0 | AG24: =AF24*C24 -> 0 | AI24: =E24+H24+K24+N24+Q24+T24+W24+Z24+AC24+AF24 -> 0 | AJ24: =F24+I24+L24+O24+R24+U24+X24+AA24+AD24+AG24 -> 0
A25: ='PO - FORNECEDOR'!A85 -> 4 | B25: ='PO - FORNECEDOR'!B85:I85 -> SERVIÇOS ELETRICOS | C25: ='PO - FORNECEDOR'!P85 -> 0 | D25: =C25/$C$32 -> #DIV/0! | E25: 0 | F25: =E25*C25 -> 0 | H25: 0 | I25: =H25*C25 -> 0 | K25: 0 | L25: =K25*C25 -> 0 | N25: 0 | O25: =N25*C25 -> 0 | Q25: 0 | R25: =Q25*C25 -> 0 | T25: 0 | U25: =T25*C25 -> 0 | W25: 0 | X25: =W25*C25 -> 0 | Z25: 0 | AA25: =Z25*C25 -> 0 | AC25: 0 | AD25: =AC25*C25 -> 0 | AF25: 0 | AG25: =AF25*C25 -> 0 | AI25: =E25+H25+K25+N25+Q25+T25+W25+Z25+AC25+AF25 -> 0 | AJ25: =F25+I25+L25+O25+R25+U25+X25+AA25+AD25+AG25 -> 0
A26: ='PO - FORNECEDOR'!A86 -> 5 | B26: ='PO - FORNECEDOR'!B86:I86 -> ESQUADRIAS | C26: ='PO - FORNECEDOR'!P86 -> 0 | D26: =C26/$C$32 -> #DIV/0! | E26: 0 | F26: =E26*C26 -> 0 | H26: 0 | I26: =H26*C26 -> 0 | K26: 0 | L26: =K26*C26 -> 0 | N26: 0 | O26: =N26*C26 -> 0 | Q26: 0 | R26: =Q26*C26 -> 0 | T26: 0 | U26: =T26*C26 -> 0 | W26: 0 | X26: =W26*C26 -> 0 | Z26: 0 | AA26: =Z26*C26 -> 0 | AC26: 0 | AD26: =AC26*C26 -> 0 | AF26: 0 | AG26: =AF26*C26 -> 0 | AI26: =E26+H26+K26+N26+Q26+T26+W26+Z26+AC26+AF26 -> 0 | AJ26: =F26+I26+L26+O26+R26+U26+X26+AA26+AD26+AG26 -> 0
A27: ='PO - FORNECEDOR'!A87 -> 6 | B27: ='PO - FORNECEDOR'!B87:I87 -> PISO E REVESTIMENTOS | C27: ='PO - FORNECEDOR'!P87 -> 0 | D27: =C27/$C$32 -> #DIV/0! | E27: 0 | F27: =E27*C27 -> 0 | H27: 0 | I27: =H27*C27 -> 0 | K27: 0 | L27: =K27*C27 -> 0 | N27: 0 | O27: =N27*C27 -> 0 | Q27: 0 | R27: =Q27*C27 -> 0 | T27: 0 | U27: =T27*C27 -> 0 | W27: 0 | X27: =W27*C27 -> 0 | Z27: 0 | AA27: =Z27*C27 -> 0 | AC27: 0 | AD27: =AC27*C27 -> 0 | AF27: 0 | AG27: =AF27*C27 -> 0 | AI27: =E27+H27+K27+N27+Q27+T27+W27+Z27+AC27+AF27 -> 0 | AJ27: =F27+I27+L27+O27+R27+U27+X27+AA27+AD27+AG27 -> 0
A28: ='PO - FORNECEDOR'!A88 -> 7 | B28: ='PO - FORNECEDOR'!B88:I88 -> PINTURA | C28: ='PO - FORNECEDOR'!P88 -> 0 | D28: =C28/$C$32 -> #DIV/0! | E28: 0 | F28: =E28*C28 -> 0 | H28: 0 | I28: =H28*C28 -> 0 | K28: 0 | L28: =K28*C28 -> 0 | N28: 0 | O28: =N28*C28 -> 0 | Q28: 0 | R28: =Q28*C28 -> 0 | T28: 0 | U28: =T28*C28 -> 0 | W28: 0 | X28: =W28*C28 -> 0 | Z28: 0 | AA28: =Z28*C28 -> 0 | AC28: 0 | AD28: =AC28*C28 -> 0 | AF28: 0 | AG28: =AF28*C28 -> 0 | AI28: =E28+H28+K28+N28+Q28+T28+W28+Z28+AC28+AF28 -> 0 | AJ28: =F28+I28+L28+O28+R28+U28+X28+AA28+AD28+AG28 -> 0
A29: ='PO - FORNECEDOR'!A90 -> 0 | B29: ='PO - FORNECEDOR'!B90:I90 -> 0 | C29: ='PO - FORNECEDOR'!P90 -> 0 | D29: =C29/$C$32 -> #DIV/0! | E29: 0 | F29: =E29*C29 -> 0 | H29: 0 | I29: =H29*C29 -> 0 | K29: 0 | L29: =K29*C29 -> 0 | N29: 0 | O29: =N29*C29 -> 0 | Q29: 0 | R29: =Q29*C29 -> 0 | T29: 0 | U29: =T29*C29 -> 0 | W29: 0 | X29: =W29*C29 -> 0 | Z29: 0 | AA29: =Z29*C29 -> 0 | AC29: 0 | AD29: =AC29*C29 -> 0 | AF29: 0 | AG29: =AF29*C29 -> 0 | AI29: =E29+H29+K29+N29+Q29+T29+W29+Z29+AC29+AF29 -> 0 | AJ29: =F29+I29+L29+O29+R29+U29+X29+AA29+AD29+AG29 -> 0
A30: ='PO - FORNECEDOR'!A91 -> 0 | B30: ='PO - FORNECEDOR'!B91:I91 -> 0 | C30: ='PO - FORNECEDOR'!P91 -> 0 | D30: =C30/$C$32 -> #DIV/0! | E30: 0 | F30: =E30*C30 -> 0 | H30: 0 | I30: =H30*C30 -> 0 | K30: 0 | L30: =K30*C30 -> 0 | N30: 0 | O30: =N30*C30 -> 0 | Q30: 0 | R30: =Q30*C30 -> 0 | T30: 0 | U30: =T30*C30 -> 0 | W30: 0 | X30: =W30*C30 -> 0 | Z30: 0 | AA30: =Z30*C30 -> 0 | AC30: 0 | AD30: =AC30*C30 -> 0 | AF30: 0 | AG30: =AF30*C30 -> 0 | AI30: =E30+H30+K30+N30+Q30+T30+W30+Z30+AC30+AF30 -> 0 | AJ30: =F30+I30+L30+O30+R30+U30+X30+AA30+AD30+AG30 -> 0
A31: ='PO - FORNECEDOR'!A92 -> 0 | B31: ='PO - FORNECEDOR'!B92:I92 -> 0 | C31: ='PO - FORNECEDOR'!P92 -> 0 | D31: =C31/$C$32 -> #DIV/0! | E31: 0 | F31: =E31*C31 -> 0 | H31: 0 | I31: =H31*C31 -> 0 | K31: 0 | L31: =K31*C31 -> 0 | N31: 0 | O31: =N31*C31 -> 0 | Q31: 0 | R31: =Q31*C31 -> 0 | T31: 0 | U31: =T31*C31 -> 0 | W31: 0 | X31: =W31*C31 -> 0 | Z31: 0 | AA31: =Z31*C31 -> 0 | AC31: 0 | AD31: =AC31*C31 -> 0 | AF31: 0 | AG31: =AF31*C31 -> 0 | AI31: =E31+H31+K31+N31+Q31+T31+W31+Z31+AC31+AF31 -> 0 | AJ31: =F31+I31+L31+O31+R31+U31+X31+AA31+AD31+AG31 -> 0
A32: VALOR TOTAL DO ORÇAMENTO: | C32: =SUM(C22:C31) -> 0 | E32: =F32*100%/C32 -> #DIV/0! | F32: =SUM(F22:G31) -> 0 | H32: =I32*100%/C32 -> #DIV/0! | I32: =SUM(I22:J31) -> 0 | K32: =L32*100%/C32 -> #DIV/0! | L32: =SUM(L22:M31) -> 0 | N32: =O32*100%/C32 -> #DIV/0! | O32: =SUM(O22:P31) -> 0 | Q32: =R32*100%/C32 -> #DIV/0! | R32: =SUM(R22:S31) -> 0 | T32: =U32*100%/C32 -> #DIV/0! | U32: =SUM(U22:V31) -> 0 | W32: =X32*100%/C32 -> #DIV/0! | X32: =SUM(X22:Y31) -> 0 | Z32: =AA32*100%/C32 -> #DIV/0! | AA32: =SUM(AA22:AB31) -> 0 | AC32: =AD32*100%/C32 -> #DIV/0! | AD32: =SUM(AD22:AE31) -> 0 | AF32: =AG32*100%/C32 -> #DIV/0! | AG32: =SUM(AG22:AH31) -> 0 | AI32: =E32+H32+K32+N32+Q32+T32+W32+Z32+AC32+AF32 -> #DIV/0! | AJ32: =F32+I32+L32+O32+R32+U32+X32+AA32+AD32+AG32 -> 0
H33: =H32+E32 -> #DIV/0! | I33: =I32+F32 -> 0 | K33: =K32+H33 -> #DIV/0! | L33: =L32+I33 -> 0 | N33: =N32+K33 -> #DIV/0! | O33: =O32+L33 -> 0 | Q33: =Q32+N33 -> #DIV/0! | R33: =R32+O33 -> 0 | T33: =T32+Q33 -> #DIV/0! | U33: =U32+R33 -> 0 | W33: =W32+T33 -> #DIV/0! | X33: =X32+U33 -> 0 | Z33: =Z32+W33 -> #DIV/0! | AA33: =AA32+X33 -> 0 | AC33: =AC32+Z33 -> #DIV/0! | AD33: =AD32+AA33 -> 0 | AF33: =AF32+AC33 -> #DIV/0! | AG33: =AG32+AD33 -> 0

Sheet ORCAMENTO VIRTUAL - FDE
P1: Resumo
AE3: Os valores de Material e M.Obra estão com BDI e L.Sociais = zero (Valores Arredondados)
F4: Produtos Técnicos - Orçamento Virtual
Q7: Orçamento (FDE) | Y7: 1043316.1
G9: Data Base: | J9: Julho/2025
Y10: 1043316.1
P11: Orçamento (Proposta)
Q16: %Variação | X16: 0
B24: Código | D24: Serviço | H24: Unid. | K24: Preço (FDE) | L24: Qtd. | M24: Preço (Proposta) | R24: Total (Prooposta) | S24: % Variacao | Z24: %ABC | AA24: Material | AF24: Mão Obra
B25: 01.05.001 | D25: ESCAVACAO MANUAL - PROFUNDIDADE ATE 1.80 M | H25: M3 | K25: 63.18 | L25: 4 | M25: 63.18 | R25: 252.72 | S25: 0 | Z25: 0.024222764 | AA25: 0 | AF25: 23.138
B26: 01.05.002 | D26: ESCAVACAO MANUAL - PROFUNDIDADE ALEM DE 1.80 M | H26: M3 | K26: 82.4 | L26: 1 | M26: 82.4 | R26: 82.4 | S26: 0 | Z26: 0.007897894 | AA26: 0 | AF26: 30.18
B27: 02.03.001 | D27: FORMA DE MADEIRA MACICA | H27: M2 | K27: 117.03 | L27: 15 | M27: 117.03 | R27: 1755.45 | S27: 0 | Z27: 0.16825677 | AA27: 38.738 | AF27: 25.41
B28: 02.04.002 | D28: ACO CA 50 (A OU B) FYK= 500 M PA | H28: KG | K28: 15.57 | L28: 165 | M28: 15.57 | R28: 2569.05 | S28: 0 | Z28: 0.24623889 | AA28: 7.3965 | AF28: 2.372
B29: 02.04.099 | D29: ARMADURAS | H29: MV | K29: 704.74 | L29: 1 | M29: 704.74 | R29: 704.74 | S29: 0 | Z29: 0.06754808 | AA29: 572.96 | AF29: 0
B30: 02.05.018 | D30: CONCRETO DOSADO E LANCADO FCK=25MPA | H30: M3 | K30: 713.73 | L30: 5 | M30: 713.73 | R30: 3568.65 | S30: 0 | Z30: 0.34204878 | AA30: 500.2196 | AF30: 36.0612
B31: 02.07.002 | D31: IMPERM RESP ALV EMBAS C/ CIM-AREIA 1-3 HIDROFUGO/TINTA BETUMINOSA | H31: M2 | K31: 107.84 | L31: 6 | M31: 107.84 | R31: 647.04 | S31: 0 | Z31: 0.062017637 | AA31: 33.79681 | AF31: 24.272
B32: 02.50.001 | D32: DEMOLIÇÃO DE CONCRETO SIMPLES (MANUAL) | H32: M3 | K32: 302.16 | L32: 3.5 | M32: 302.16 | R32: 1057.56 | S32: 0 | Z32: 0.10136525 | AA32: 0 | AF32: 110.66
B33: 02.50.099 | D33: DEMOLICOES | H33: MV | K33: 704.74 | L33: 1 | M33: 704.74 | R33: 704.74 | S33: 0 | Z33: 0.06754808 | AA33: 572.96 | AF33: 0
B34: 03.03.099 | D34: CONCRETOS | H34: MV | K34: 704.74 | L34: 3 | M34: 704.74 | R34: 2114.22 | S34: 0 | Z34: 0.20264424 | AA34: 572.96 | AF34: 0
B35: 03.80.099 | D35: SERVICOS SUPER ESTRUTURA - CONSERVACAO | H35: MV | K35: 704.74 | L35: 3 | M35: 704.74 | R35: 2114.22 | S35: 0 | Z35: 0.20264424 | AA35: 572.96 | AF35: 0
B36: 04.01.072 | D36: ALVENARIA DE TIJOLO CERAMICO FURADO (BAIANO) ESP.NOM 15 CM | H36: M2 | K36: 99.97 | L36: 150 | M36: 99.97 | R36: 14995.5 | S36: 0 | Z36: 1.4372921 | AA36: 41.36465 | AF36: 17.9814
... B120: 16.80.098 | D120: RETIRADA DE ENTULHO | H120: M3 | K120: 122.93 | L120: 30 | M120: 122.93 | R120: 3687.9 | S120: 0 | Z120: 0.35347868 | AA120: 73.15 | AF120: 12.072

Sheet Sheet1
P1: Resumo
AE3: Os valores de Material e M.Obra estão com BDI e L.Sociais = zero (Valores Arredondados)
F4: Produtos Técnicos - Orçamento Virtual
Q7: Orçamento (FDE) | Y7: 1040088.1
G9: Data Base: | J9: Julho/2025
Y10: 1040088.1
P11: Orçamento (Proposta)
Q16: %Variação | X16: 0
B24: Código | D24: Serviço | H24: Unid. | K24: Preço (FDE) | L24: Qtd. | M24: Preço (Proposta) | R24: Total (Prooposta) | S24: % Variacao | Z24: %ABC | AA24: Material | AF24: Mão Obra
B25: 01.05.001 | D25: ESCAVACAO MANUAL - PROFUNDIDADE ATE 1.80 M | H25: M3 | K25: 63.18 | L25: 4 | M25: 63.18 | R25: 252.72 | S25: 0 | Z25: 0.024297943 | AA25: 0 | AF25: 23.138
B26: 01.05.002 | D26: ESCAVACAO MANUAL - PROFUNDIDADE ALEM DE 1.80 M | H26: M3 | K26: 82.4 | L26: 1 | M26: 82.4 | R26: 82.4 | S26: 0 | Z26: 0.0079224062 | AA26: 0 | AF26: 30.18
B27: 02.03.001 | D27: FORMA DE MADEIRA MACICA | H27: M2 | K27: 117.03 | L27: 15 | M27: 117.03 | R27: 1755.45 | S27: 0 | Z27: 0.16877898 | AA27: 38.738 | AF27: 25.41
B28: 02.04.002 | D28: ACO CA 50 (A OU B) FYK= 500 M PA | H28: KG | K28: 15.57 | L28: 165 | M28: 15.57 | R28: 2569.05 | S28: 0 | Z28: 0.24700313 | AA28: 7.3965 | AF28: 2.372
B29: 02.04.099 | D29: ARMADURAS | H29: MV | K29: 704.74 | L29: 1 | M29: 704.74 | R29: 704.74 | S29: 0 | Z29: 0.067757725 | AA29: 572.96 | AF29: 0
B30: 02.05.018 | D30: CONCRETO DOSADO E LANCADO FCK=25MPA | H30: M3 | K30: 713.73 | L30: 5 | M30: 713.73 | R30: 3568.65 | S30: 0 | Z30: 0.34311037 | AA30: 500.2196 | AF30: 36.0612
B31: 02.07.002 | D31: IMPERM RESP ALV EMBAS C/ CIM-AREIA 1-3 HIDROFUGO/TINTA BETUMINOSA | H31: M2 | K31: 107.84 | L31: 6 | M31: 107.84 | R31: 647.04 | S31: 0 | Z31: 0.062210118 | AA31: 33.79681 | AF31: 24.272
B32: 02.50.001 | D32: DEMOLIÇÃO DE CONCRETO SIMPLES (MANUAL) | H32: M3 | K32: 302.16 | L32: 3.5 | M32: 302.16 | R32: 1057.56 | S32: 0 | Z32: 0.10167985 | AA32: 0 | AF32: 110.66
B33: 02.50.099 | D33: DEMOLICOES | H33: MV | K33: 704.74 | L33: 1 | M33: 704.74 | R33: 704.74 | S33: 0 | Z33: 0.067757725 | AA33: 572.96 | AF33: 0
B34: 03.03.099 | D34: CONCRETOS | H34: MV | K34: 704.74 | L34: 3 | M34: 704.74 | R34: 2114.22 | S34: 0 | Z34: 0.20327317 | AA34: 572.96 | AF34: 0
B35: 03.80.099 | D35: SERVICOS SUPER ESTRUTURA - CONSERVACAO | H35: MV | K35: 704.74 | L35: 3 | M35: 704.74 | R35: 2114.22 | S35: 0 | Z35: 0.20327317 | AA35: 572.96 | AF35: 0
B36: 04.01.072 | D36: ALVENARIA DE TIJOLO CERAMICO FURADO (BAIANO) ESP.NOM 15 CM | H36: M2 | K36: 99.97 | L36: 150 | M36: 99.97 | R36: 14995.5 | S36: 0 | Z36: 1.4417529 | AA36: 41.36465 | AF36: 17.9814
... B119: 16.80.098 | D119: RETIRADA DE ENTULHO | H119: M3 | K119: 122.93 | L119: 30 | M119: 122.93 | R119: 3687.9 | S119: 0 | Z119: 0.35457575 | AA119: 73.15 | AF119: 12.072
